 Dungeon Crawl Stone Soup version 0.31-a0-161-gb58dd9be76 (webtiles) character file.

Game seed: 2967638451618998592

31650023 bakla the Shapeless Vine Stalker (level 27, 168/168 HPs)
             Began as a Vine Stalker Hedge Wizard on June 11, 2023.
             Was a High Priest of Wu Jian.
             Escaped with the Orb
             ... and 15 runes on June 12, 2023!
             The game lasted 03:57:55 (46763 turns).

bakla the Shapeless Vine Stalker (VSHW)            Turns: 46763, Time: 03:57:56

Health: 168/168    AC: 23    Str: 18    XL:     27
Magic:  40/40      EV: 37    Int: 30    God:    Wu Jian [*****.]
Gold:   7387       SH: 22    Dex: 35    Spells: 29/50 levels left

rFire   + + .        o - +9 quick blade (freeze)
rCold   + + +        t - +2 shield of Resistance {rF++ rC++ Will++}
rNeg    + . .        m - +4 troll leather armour
rPois   +            U - +3 crown of Dyrovepreva {rElec Int+2 SInv}
rElec   +            e - +2 cloak of the Thief {*Fog Slay-2 SInv Stlth+}
rCorr   +            y - +1 pair of gloves of Zin's Esteem {Str+4 Slay+6}
SInv    +            R - +1 pair of boots of Cueqayhi {Regen+ Dex+4}
Will    +++++        T - amulet of Vitality {RegenMP++ Regen++}
Stlth   ++++         n - ring of Cewum {rC++ rN+ Int+4 Dex+6}
HPRegen 4.48/turn    q - ring of Xathryv {rPois rCorr Dex+6 Slay+3}
MPRegen 1.07/turn

%: guardian spirit
@: studying 2 skills
A: fangs 3, regeneration 1, magic shield, antimagic bite, no potion heal 2,
large bone plates 1, clever 1, mutation resistance 1
0: Orb of Zot
}: 15/15 runes: decaying, slimy, silver, golden, iron, obsidian, icy, bone,
abyssal, demonic, glowing, magical, fiery, dark, gossamer
a: Renounce Religion, Wall Jump, Serpent's Lash, Heavenly Storm


You escaped.
You worshipped Wu Jian.
Wu Jian was extremely pleased with you.
You visited 18 branches of the dungeon, and saw 85 of its levels.
You visited Pandemonium 1 time, and saw 19 of its levels.
You visited the Abyss 2 times.
You visited 1 ziggurat, and saw 18 of its levels.
You also visited: Ice Cave and Desolation.

You collected 11222 gold pieces.
You spent 3835 gold pieces at shops.

Inventory:

Hand Weapons
 f - the +8 Vampire's Tooth {megavamp}
   (You found it on level 3 of the Elven Halls)
 o - a +9 quick blade of freezing (weapon)
 J - the +8 arc blade {discharge, rElec}
   (You found it on level 8 of a ziggurat)

   rElec:     It insulates you from electricity.
Missiles
 W - 4 throwing nets
Armour
 e - the +2 cloak of the Thief (worn) {*Fog Slay-2 SInv Stlth+}
   (You found it on level 4 of the Depths)

   *Fog:      It may release a thick cloud of smoke when the wearer is hurt.
   Slay:      It affects your accuracy & damage with ranged weapons and melee
   (-2).
   SInv:      It lets you see invisible.
   Stlth:     It makes you more stealthy.
 m - a +4 troll leather armour (worn)
 t - the +2 shield of Resistance (worn) {rF++ rC++ Will++}
   (You found it on level 18 of a ziggurat)

   rF:        It greatly protects you from fire.
   rC:        It greatly protects you from cold.
   Will:      It greatly increases your willpower.
 y - the +1 pair of gloves of Zin's Esteem (worn) {Str+4 Slay+6}
   (You found it on level 1 of the Depths)

   Str:       It affects your strength (+4).
   Slay:      It affects your accuracy & damage with ranged weapons and melee
   (+6).
 E - the orb of Dispater {+Damnation *Corrode AC+5}
   (You took it off Dispater on level 7 of the Iron City of Dis)

   +Damnation: It grants the ability to hurl damnation at the cost of health and
   magic, with strength depending on Evocations skill.
   AC:        It affects your AC (+5).
   *Corrode:  It may corrode you when you take damage.
 R - the +1 pair of boots of Cueqayhi (worn) {Regen+ Dex+4}
   (You acquired it on level 3 of the Vaults)

   Dex:       It affects your dexterity (+4).
   Regen:     It increases your rate of health regeneration.
 U - the +3 crown of Dyrovepreva (worn) {rElec Int+2 SInv}
   (You found it on level 3 of the Elven Halls)

   Int:       It affects your intelligence (+2).
   rElec:     It insulates you from electricity.
   SInv:      It lets you see invisible.
Jewellery
 j - the ring "Moly" {rElec rPois rF+ Str+2}
   (You found it in the Desolation of Salt)

   [ring of protection from fire]

   Str:       It affects your strength (+2).
   rF:        It protects you from fire.
   rElec:     It insulates you from electricity.
   rPois:     It protects you from poison.
 n - the ring of Cewum (left hand) {rC++ rN+ Int+4 Dex+6}
   (You acquired it on level 2 of the Lair of Beasts)

   [ring of positive energy]

   Int:       It affects your intelligence (+4).
   Dex:       It affects your dexterity (+6).
   rC:        It greatly protects you from cold.
   rN:        It protects you from negative energy.
 q - the ring of Xathryv (right hand) {rPois rCorr Dex+6 Slay+3}
   (You found it on level 14 of a ziggurat)

   [ring of dexterity]

   Dex:       It affects your dexterity (+6).
   Slay:      It affects your accuracy & damage with ranged weapons and melee
   (+3).
   rPois:     It protects you from poison.
   rCorr:     It protects you from acid and corrosion.
 I - the ring of Apoupn {Drain Fly rC+ rCorr Dex+6}
   (You found it on level 16 of a ziggurat)

   [ring of dexterity]

   Dex:       It affects your dexterity (+6).
   rC:        It protects you from cold.
   Fly:       It grants you flight.
   rCorr:     It protects you from acid and corrosion.
   Drain:     It drains your maximum health when unequipped.
 L - the ring "Heyj" {Fly rElec rN+ Str-4 Int+7}
   (You found it on level 8 of a ziggurat)

   [ring of flight]

   Str:       It affects your strength (-4).
   Int:       It affects your intelligence (+7).
   rElec:     It insulates you from electricity.
   rN:        It protects you from negative energy.
   Fly:       It grants you flight.
 T - the amulet of Vitality (around neck) {RegenMP++ Regen++}
   (You bought it in a shop on level 2 of the Vaults)

   [amulet of magic regeneration]

   It increases your rate of magic regeneration.
   Regen:     It increases your rate of health regeneration.
Wands
 a - a wand of paralysis (96)
 C - a wand of roots (91)
 K - a wand of acid (63)
Scrolls
 b - 14 scrolls of fog
 g - 5 scrolls of butterflies
 l - 2 scrolls of blinking
 s - 8 scrolls of teleportation
 x - 6 scrolls of enchant armour
 B - 7 scrolls of vulnerability
 H - 2 scrolls of brand weapon
 M - 6 scrolls of enchant weapon
 N - 5 scrolls of immolation
 Q - 12 scrolls of amnesia
 S - 3 scrolls of poison
 V - 7 scrolls of fear
 X - 7 scrolls of torment
Potions
 c - 6 potions of attraction
 d - 5 potions of magic
 k - 6 potions of cancellation
 p - 9 potions of lignification
 r - 4 potions of enlightenment
 u - 2 potions of haste
 v - 5 potions of resistance
 w - 5 potions of invisibility
 z - 6 potions of brilliance
 A - 24 potions of curing
 D - 4 potions of berserk rage
 F - 6 potions of might
 O - 12 potions of mutation
 P - 6 potions of ambrosia
Miscellaneous
 i - a lightning rod (4/4)
 G - a box of beasts
 Y - a phantom mirror


   Skills:
 - Level 24.7 Fighting
 - Level 14.0 Short Blades
 - Level 17.7 Armour
 - Level 20.2 Dodging
 - Level 26.9 Stealth
 - Level 11.4 Shields
 - Level 12.2 Spellcasting
 - Level 1.0 Conjurations
 - Level 1.0 Summonings
 - Level 21.0 Necromancy
 - Level 1.0 Translocations
 O Level 27 Transmutations
 + Level 25.9 Earth Magic


You had 29 spell levels left.
You knew the following spells:

 Your Spells              Type           Power      Damage    Failure   Level
a - Wereblood             Tmut           100%       N/A       0%          2
b - Passwall              Tmut/Erth      90%        N/A       0%          2
c - Beastly Appendage     Tmut           100%       N/A       0%          1
d - Apportation           Tloc           48%        N/A       4%          1
e - Shatter               Erth           54%        3d41*     14%         9
f - Statue Form           Tmut/Erth      72%        N/A       1%          6

Your spell library contained the following spells:

 Spells                   Type           Power      Damage    Failure   Level
 Necrotise                Necr           100%       1d9       0%          1
 Sandblast                Erth           100%       2d20      0%          1
 Sublimation of Blood     Necr           97%        N/A       0%          2
 Vampiric Draining        Necr           97%        2d12      0%          3
 Animate Dead             Necr           97%        N/A       0%          4
 Dispel Undead            Necr           97%        3d30      0%          4
 Petrify                  Tmut/Erth      100%       N/A       0%          4
 Blade Hands              Tmut           55%        N/A       0%          5
 Borgnjor's Vile Clutch   Necr/Erth      51%        N/A       0%          5
 Lee's Rapid Deconstruct  Erth           54%        3d25*     0%          5
 Kiss of Death            Conj/Necr      100%       2d13      1%          1
 Sting                    Tmut/Pois      100%       1d8       1%          1
 Cigotuvi's Dreadful Rot  Necr/Pois/Air  100%       N/A       1%          2
 Ignite Poison            Fire/Tmut/Pois 64%        N/A       1%          3
 Spider Form              Tmut/Pois      78%        N/A       1%          3
 Stone Arrow              Conj/Erth      100%       3d13      1%          3
 Anguish                  Hex/Necr       34%        N/A       1%          4
 Animate Armour           Summ/Erth      100%       N/A       1%          4
 Ice Form                 Ice/Tmut       78%        N/A       1%          4
 Leda's Liquefaction      Hex/Erth       38%        N/A       1%          4
 Alistair's Intoxication  Tmut/Pois      52%        N/A       1%          5
 Yara's Violent Unravell  Hex/Tmut       39%        3d16      1%          5
 Death Channel            Necr           48%        N/A       1%          6
 Dragon Form              Tmut           55%        N/A       1%          7
 Eringya's Noxious Bog    Tmut/Pois      39%        N/A       3%          6
 Leda's Unmaking          Conj/Erth      39%        9d7       3%          6
 Magic Dart               Conj           96%        1d7       4%          1
 Shock                    Conj/Air       84%        1d8       4%          1
 Summon Small Mammal      Summ           96%        N/A       4%          1
 Freeze                   Ice            72%        1d8       6%          1
 Slow                     Hex            72%        N/A       6%          1
 Blink                    Tloc           48%        N/A       6%          2
 Call Imp                 Summ           48%        N/A       6%          2
 Lesser Beckoning         Tloc           48%        N/A       6%          2
 Searing Ray              Conj           48%        2d6       6%          2
 Infestation              Necr           48%        N/A       7%          8
 Static Discharge         Conj/Air       42%        2-4/arc   8%          2
 Ensorcelled Hibernation  Hex/Ice        36%        N/A       9%          2
 Poisonous Vapours        Pois/Air       36%        N/A       9%          2
 Gell's Gravitas          Tloc           24%        N/A       12%         3
 Teleport Other           Tloc           24%        N/A       12%         3
 Simulacrum               Ice/Necr       34%        N/A       12%         6
 Dazzling Flash           Conj/Hex       42%        N/A       14%         3
 Hailstorm                Conj/Ice       21%        3d6       14%         3
 Portal Projectile        Hex/Tloc       42%        N/A       14%         3
 Summon Guardian Golem    Hex/Summ       21%        N/A       14%         3
 Vhi's Electric Charge    Tloc/Air       42%        N/A       14%         3
 Volatile Blastmotes      Fire/Tloc      42%        2d13      14%         3
 Mephitic Cloud           Conj/Pois/Air  20%        N/A       16%         3
 Confusing Touch          Hex            18%        N/A       19%         3
 Frozen Ramparts          Ice            36%        1d6       19%         3
 Inner Flame              Hex/Fire       18%        N/A       19%         3
 Ozocubu's Armour         Ice            18%        N/A       19%         3
 Swiftness                Air            18%        N/A       19%         3
 Tukima's Dance           Hex            18%        N/A       19%         3
 Storm Form               Tmut/Air       39%        N/A       21%         7
 Iskenderun's Mystic Bla  Conj/Tloc      24%        2d7       36%         4
 Manifold Assault         Tloc           24%        N/A       36%         4
 Passage of Golubria      Tloc           24%        N/A       36%         4
 Fulminant Prism          Conj/Hex       10%        3d8       43%         4
 Sticky Flame             Conj/Fire      21%        2d4       43%         4
 Summon Ice Beast         Ice/Summ       21%        N/A       43%         4
 Summon Lightning Spire   Summ/Air       21%        N/A       43%         4
 Haunt                    Necr/Summ      35%        N/A       50%         7
 Airstrike                Air            9%         2d(2-18)  52%         4
 Cause Fear               Hex            9%         N/A       52%         4
 Olgreb's Toxic Radiance  Pois           18%        N/A       52%         4
 Summon Forest            Summ/Tloc      12%        N/A       73%         5
 Death's Door             Necr           48%        N/A       73%         9
 Arcjolt                  Conj/Air       10%        1d20      80%         5
 Summon Mana Viper        Hex/Summ       21%        N/A       80%         5
 Freezing Cloud           Conj/Ice/Air   10%        6-21      82%         5
 Lehudib's Crystal Spear  Conj/Erth      39%        10d10     83%         8
 Metabolic Englaciation   Hex/Ice        9%         N/A       86%         5
 Silence                  Hex/Air        9%         N/A       86%         5
 Dispersal                Tloc           12%        N/A       99%         6
 Conjure Ball Lightning   Conj/Air       10%        3x3d6     100%        6
 Plasma Beam              Fire/Air       9%         2x1d19    100%        6
 Starburst                Conj/Fire      10%        6d5       100%        6
 Enfeeble                 Hex            9%         N/A       100%        7
 Malign Gateway           Summ/Tloc      12%        N/A       100%        7
 Monstrous Menagerie      Summ           12%        N/A       100%        7
 Orb of Destruction       Conj           12%        9d7       100%        7
 Ozocubu's Refrigeration  Ice            9%         4d9       100%        7
 Spellforged Servitor     Conj/Summ      12%        N/A       100%        7
 Summon Hydra             Summ           12%        N/A       100%        7
 Discord                  Hex            9%         N/A       100%        8
 Disjunction              Tloc           12%        N/A       100%        8
 Ignition                 Fire           9%         3d5       100%        8
 Maxwell's Capacitive Co  Air            9%         ∞         100%        8
 Summon Horrible Things   Summ           12%        N/A       100%        8
 Dragon's Call            Summ           12%        N/A       100%        9
 Fire Storm               Conj/Fire      10%        8d3       100%        9
 Polar Vortex             Ice            9%         N/A       100%        9


Dungeon Overview and Level Annotations

Branches:
Dungeon (15/15)            Temple (1/1) D:6            Lair (4/5) D:10
  Swamp (4/4) Lair:3       Spider (4/4) Lair:2        Slime (5/5) Lair:4
    Orc (2/2) D:10            Elf (3/3) Orc:2        Vaults (5/5) D:14
  Crypt (3/3) Vaults:2       Tomb (3/3) Crypt:3      Depths (4/4) D:15
   Hell (visited)             Dis (7/7) Hell            Geh (7/7) Hell
    Coc (7/7) Hell            Tar (7/7) Hell            Zot (5/5) Depths:4
  IceCv (visited)         Desolation (visited)

Altars:
Ashenzari
Cheibriados
Dithmenos
Elyvilon
Fedhas
Gozag
Kikubaaqudgha
Makhleb
Nemelex Xobeh
Okawaru
Qazlal
Trog
Uskayaw
Wu Jian
Xom
Yredelemnul
Zin
Lugonu

Shops:
D:6 *   D:8 :   D:11 =   Orc:2 !(((   Elf:2 ?   Vaults:1 [*   Vaults:2 =
Vaults:4 *!:!

Portals:
Hell: Depths:1 Depths:2 Depths:3 Depths:4
Abyss: Depths:3
Pandemonium: Depths:2 Depths:3
Trove: Depths:2 (give 9 potions of haste)

Annotations:
D:3 2 runed translucent doors, comborobin's ghost, amateur DEDe
Swamp:1 1 runed translucent door, lessens's ghost, adept FoFi
Swamp:2 2 runed translucent doors, Eboth's ghost, adept GnFi
Vaults:1 1 runed translucent door, frimble's ghost, adept OpWr
Depths:2 3 runed translucent doors, Polaczum's ghost, adept TrMo
Depths:3 1 runed translucent door
Zot:2 2 transporters
Zot:5 exclusion: 2 upstairs


Innate Abilities, Weirdness & Mutations

You have razor-sharp teeth.
Your natural rate of healing is unusually fast.
When hurt, damage is shared between your health and your magic reserves.
Your bite disrupts and absorbs the magic of your enemies.
Potions cannot restore your health.
You are partially covered in large bone plates. (SH +4)
Your mind is acute. (Int +4, Str/Dex -1)
You are somewhat resistant to further mutation.


Message History

Aiming: Dig
Press: ? - help, Shift-Dir - straight line A rock wall.
This square is covered in magical glow.
The rock shatters into small pieces.
The now-empty wand crumbles to dust.
An Orb Guardian comes into view.
Okay, then.
You block the Orb Guardian's attack.
The Orb Guardian attacks as you move away!
You block the Orb Guardian's attack. You block the Orb Guardian's attack.
The Orb Guardian attacks as you move away!
The Orb Guardian hits you!
The Orb Guardian attacks as you move away!
The Orb Guardian hits you!!
With a swish of your cloak, you release a cloud of fog.
The Orb Guardian completely misses you.
The Orb Guardian attacks as you move away!
The Orb Guardian misses you.
Your muscles tense, ready for explosive movement...
Your supernatural speed expires.
There is a stone staircase leading up here.
You block the Orb Guardian's attack.
You climb upwards.
There is a stone staircase leading down here.
(D) Dungeon (T) Temple (L) Lair (S) Swamp (N) Spider Nest (M) Slime Pits (O) Orcish Mines (E) Elven Halls (V) Vaults (C) Crypt (W) Tomb (U) Depths (H) Hell (I) Dis (G) Gehenna (X) Cocytus (Y) Tartarus (Z) Zot
Where to? (Enter - D:1 @ (x,y), ? - help)
You feel less exhausted.
A hell beast comes into view.
The hell beast moves out of view.
There is a staircase leading out of the dungeon here.
You are a level 27 Vine Stalker Hedge Wizard.
I'm sorry, level 27 is as high as you can go.
With the way you've been playing, I'm surprised you got this far.
Play time: 03:57:55 (46762 turns).
You are forever immune to Zot's power.
You have escaped!

.#######....#.# ##.##...
.........####.# ##.......
########## #.# #...#∩... # #.#
####...∩.... # #.#
###∩∩∩###.#... # #.#
###...)......... # #.#
##.............[. #
#.###................ ####
#.##@.2.............. )..#
#####.######............. ##.###
#...#.# #.∩##.∩##∩.##.
#...####...#.###################
###....'...#.#..............†...
##.###...#.........###########
#.................#
#.#####>..........# #.#
###.#####..[.##


You could see a hell beast.

Vanquished Creatures
  Cerebov (Pan)
  Antaeus (Coc:7)
  Asmodeus (Geh:7)
  Gloorx Vloq (Pan)
  4 pandemonium lords
  Ereshkigal (Tar:7)
  the Royal Jelly (Slime:5)
  the Serpent of Hell (Dis:7)
  Lom Lobon (Pan)
  Mnoleg (Pan)
  Dispater (Dis:7)
  4 dread liches
  5 orbs of fire
  5 ancient liches
  5 juggernauts
  31 royal mummies
  Josephina (Zot:4)
  Boris (Vaults:5)
  Parghit (Depths:3)
  Vv (Depths:3)
  10 shard shrikes
  7 Killer Klowns
  Saint Roka (Vaults:5)
  2 curse toes
  16 caustic shrikes
  Geryon (Hell)
  8 golden dragons
  14 profane servitors
  the Enchantress (Depths:1)
  17 bone dragons
  Arachne (Spider:4)
  9 doom hounds
  3 electric golems
  15 Tzitzimimeh
  21 Brimstone Fiends
  2 spectral shard shrikes
  8 iron giants
  15 tentacled monstrosities
  21 Orb Guardians
  Rupert (Lair:4)
  18 Hell Sentinels
  A walking crystal tome (Depths:3)
  20 tainted leviathans
  15 hellephants
  19 Ice Fiends
  2 walking earthen tomes (Depths:3)
  A shard shrike skeleton (Abyss:3)
  4 quicksilver dragons
  A walking frostbound tome (Depths:3)
  27 searing wretches
  13 titans
  10 liches
  7 deep elf blademasters
  16 Executioners
  22 acid blobs
  15 sphinxes
  41 ancient champions
  3 deep elf master archers
  5 tentacled starspawn (Abyss:3)
  4 storm dragons
  8 tengu reavers
  A thorn hunter (Swamp:4)
  4 death cobs
  Gastronok (Lair:2)
  Frances (Swamp:2)
  8 shadow dragons
  9 rockslimes
  18 azure jellies
  6 draconian monks
  2 nagarajas (Zig:16)
  22 narguns
  23 frost giants
  A frost giant (shapeshifter) (Zig:15)
  3 draconian knights
  A fire giant (shapeshifter) (Zig:15)
  3 demonspawn warmongers (Pan)
  21 fire giants
  3 revenants (Zig:10)
  6 quicksilver elementals
  2 imperial myrmidons (Desolation)
  44 balrugs
  4 deep elf sorcerers
  2 draconian scorchers
  5 iron dragons
  Aizul (Crypt:1)
  20 ghost moths
  13 vault wardens
  8 emperor scorpions
  A caustic shrike zombie (Hell)
  2 deep elf elementalists (Elf:3)
  A draconian stormcaller (Zot:3)
  4 orc warlords
  5 shard shrike simulacra
  3 broodmothers
  2 demonspawn corrupters (Pan)
  3 angels
  4 draconian shifters
  A formless jellyfish (shapeshifter) (Zig:15)
  7 curse skulls
  6 spriggan defenders
  6 draconian annihilators
  12 reapers
  10 quicksilver oozes
  3 ghouls
  10 cacodemons
  13 ironbound preservers
  4 formless jellyfish
  6 demonspawn blood saints
  7 green draconians
  20 stone giants
  25 war gargoyles
  4 ironbound thunderhulks
  31 very ugly things
  5 vampire knights
  12 bennus
  19 elemental wellsprings
  5 deep elf demonologists (Elf:3)
  7 eleionomae
  5 demonspawn black suns (Pan)
  7 deep elf annihilators
  7 lorocyprocas (Pan)
  18 putrid mouths
  7 spark wasps
  10 black draconians
  10 yellow draconians
  A dire elephant (shapeshifter) (Zig:15)
  4 purple draconians
  Azrael (D:13)
  5 red draconians
  12 wendigos
  A spectral titan (Tar:6)
  2 white draconians
  7 dire elephants
  3 bunyips
  5 eidola
  16 iron golems
  21 mummy priests
  2 halazid warlocks (Desolation)
  2 merfolk javelineers (Zig:16)
  2 crystal guardians (Desolation)
  21 ettins
  11 deep elf high priests
  2 merfolk impalers
  Snorg (Orc:1)
  17 blizzard demons
  3 shambling mangroves
  4 ragged hierophants (Desolation)
  9 deep elf death magi
  10 entropy weavers
  7 green deaths
  4 spriggan zombies
  7 jiangshi
  A spectral quicksilver dragon (Tar:3)
  37 vault guards
  17 fire dragons
  14 servants of whispers (Desolation)
  22 ice dragons
  A spectral kraken (Tar:7)
  Fannar (Lair:3)
  A spectral spriggan (Tar:7)
  5 great orbs of eyes
  26 hydras
  10 caustic shrike simulacra
  7 rakshasas
  3 catoblepae
  11 yaktaur captains
  7 juggernaut simulacra
  An anaconda (shapeshifter) (Depths:3)
  6 peacekeepers
  4 hell beasts
  3 centaur warriors
  7 jorogumos
  An alligator snapping turtle (Zig:16)
  4 ghost crabs
  6 spriggan air magi
  A death knight (Crypt:1)
  5 ogre magi
  5 spriggan skeletons
  6 radroaches
  14 alligators
  9 boulder beetles
  Erica (D:8)
  23 salamander tyrants
  6 stokers
  13 two-headed ogres
  8 deep troll shamans
  90 death scarabs
  6 ironbound frosthearts
  37 dancing weapons
  A two-headed ogre (shapeshifter) (Zig:15)
  24 demonic crawlers
  7 vampire magi
  25 hell hogs
  10 tengu warriors
  13 death yaks
  27 deep elf knights
  9 orc high priests
  41 sun demons
  3 thrashing horrors (Abyss:3)
  A titan zombie (Hell)
  5 deep troll earth magi
  A shock serpent (Zig:16)
  18 soul eaters
  12 spriggan berserkers
  4 wretched stars (Abyss:3)
  10 crystal echidnas
  13 hell knights
  Sonja (Lair:4)
  20 skeletal warriors
  5 sixfirhies (Pan)
  2 iron trolls
  12 shadow wraiths
  4 sun moths
  10 pharaoh ants
  5 spriggan druids
  9 goliath frogs
  A sea snake (shapeshifter) (Vaults:5)
  A storm dragon skeleton (Tomb:2)
  A cherub (Pan)
  3 spectral hydras (Swamp:4)
  7 swamp dragons
  3 quicksilver dragon simulacra
  An anaconda zombie (Hell)
  11 wizards
  7 flayed ghosts
  A glowing orange brain (shapeshifter) (Zig:15)
  13 glowing orange brains
  13 orb spiders
  18 deep elf archers
  32 deep trolls
  15 necromancers
  10 orc knights
  7 phantasmal warriors
  8 spriggan simulacra
  7 steelbarb worms
  11 harpies
  8 shadow demons
  An anaconda skeleton (Hell)
  24 ironbound convokers
  8 bog bodies
  A fenstrider witch simulacrum (Coc:1)
  30 deep elf pyromancers
  36 deep elf zephyrmancers
  2 tengu skeletons
  32 wolf spiders
  A shadow dragon skeleton (Hell)
  18 ugly things
  A goliath frog zombie (Crypt:3)
  9 orc sorcerers
  4 shining eyes
  A mana viper (shapeshifter) (Vaults:5)
  A shining eye (shapeshifter) (Depths:3)
  A cyclops (shapeshifter) (Zig:15)
  An iron dragon skeleton (Tomb:1)
  23 moths of wrath
  5 manticores
  5 will-o-the-wisps
  6 cyclopes
  A stone giant zombie (Vaults:4)
  13 vault sentinels
  2 centaur zombies
  A naga mage (Zig:16)
  9 ice statues
  8 guardian serpents
  11 elephants
  4 titan simulacra
  A shock serpent skeleton (Crypt:3)
  5 rust devils
  16 torpor snails
  7 black mambas
  Joseph (D:7)
  Maurice (D:11)
  Maggie (D:7)
  19 smoke demons
  8 orange demons (Pan)
  7 apocalypse crabs (Zig:15)
  12 molten gargoyles
  A storm dragon simulacrum (Coc:1)
  4 centaur skeletons (D:14)
  A human zombie (Vaults:4)
  9 spectral swamp worms (Tar:7)
  10 cane toads
  An alligator snapping turtle zombie (Crypt:3)
  30 hellions
  A kobold demonologist (D:14)
  An elf skeleton (Vaults:4)
  4 unseen horrors
  A steelbarb worm zombie (Crypt:3)
  A purple draconian zombie (Crypt:3)
  7 komodo dragons
  3 alligator snapping turtle skeletons
  21 yaktaurs
  5 rime drakes
  6 tengu conjurers
  3 efreet
  2 swamp worm zombies (Swamp:4)
  7 ice devils
  11 freezing wraiths
  3 bunyip simulacra
  6 anaconda simulacra
  3 golden dragon simulacra
  A sea snake skeleton (Hell)
  2 ancient zymes (Abyss:3)
  50 guardian mummies
  10 tormentors
  3 bloated husks
  7 hellwings
  A purple draconian skeleton (Crypt:3)
  5 hydra zombies
  6 red devils
  2 queen bees (shapeshifter)
  14 polar bears
  2 harpy zombies (Hell)
  14 hornets
  A merfolk (shapeshifter) (Vaults:5)
  A spectral harpy (Tar:5)
  7 tyrant leeches
  7 trolls
  A catoblepas skeleton (Crypt:1)
  10 meliai
  A raiju (Abyss:3)
  33 tarantellas
  A tarantella (shapeshifter) (Zig:15)
  A shadow dragon simulacrum (Depths:1)
  51 saltlings (Desolation)
  A deep troll zombie (Vaults:4)
  3 harpy skeletons (Hell)
  24 blink frogs
  A hydra skeleton (Hell)
  2 dream sheep (shapeshifter)
  3 spectral swamp dragons (Swamp:4)
  4 dream sheep (Lair:3)
  A draconian simulacrum (Hell)
  3 air elementals
  An ettin zombie (Tomb:2)
  90 slime creatures
  A frost giant simulacrum (Depths:1)
  24 jumping spiders
  11 spriggans
  A jumping spider (shapeshifter) (Zig:7)
  8 alligator zombies
  22 flying skulls
  17 water elementals
  7 centaur simulacra
  9 ynoxinuls
  A culicivora (shapeshifter) (D:15)
  A vampire (D:10)
  A yak (shapeshifter) (Vaults:5)
  2 wraiths
  31 culicivoras
  5 ushabtiu
  61 yaks
  3 wyverns
  8 basilisks
  3 dire elephant simulacra
  A fire bat (shapeshifter) (Vaults:5)
  10 neqoxecs (Pan)
  10 golden eyes
  A steam dragon (shapeshifter) (Vaults:5)
  9 fire elementals
  A sea snake simulacrum (Hell)
  A steam dragon (Lair:2)
  A red draconian simulacrum (Zot:4)
  12 chaos spawn
  Grum (D:8)
  10 vampire mosquitoes
  56 redbacks
  10 harpy simulacra
  25 swamp worms
  A swamp worm (shapeshifter) (Zot:1)
  An acid dragon (D:11)
  7 hell hounds
  11 water moccasins
  A water nymph skeleton (Crypt:3)
  An acid dragon (shapeshifter) (Depths:3)
  2 hydra simulacra
  A moth of wrath simulacrum (Zot:4)
  11 wargs
  4 ettin simulacra
  2 glowing shapeshifter skeletons
  2 floating eyes
  4 swamp drakes (Swamp:2)
  Duvessa (D:7)
  46 large abominations
  53 orc warriors
  3 swamp dragon zombies (Swamp:4)
  A sky beast (shapeshifter) (Vaults:5)
  2 black bears
  4 ice beasts
  2 sky beasts
  11 wolves
  19 ogres
  3 boggarts (D:15)
  11 centaurs
  A blink frog skeleton (Crypt:3)
  15 small abominations (Abyss:3)
  10 phantoms
  2 elf simulacra (Vaults:4)
  3 kobold brigands
  9 bullfrogs
  3 necrophages (Crypt:2)
  A draconian skeleton (Crypt:1)
  A glowing shapeshifter simulacrum (Vaults:2)
  3 human simulacra
  6 earth elementals
  3 gnoll sergeants
  2 scorpions
  2 naga simulacra (Coc:7)
  10 wights
  Dowan (D:7)
  14 killer bees
  2 howler monkeys
  3 electric eels (Elf:3)
  5 crimson imps (Abyss:3)
  2 quasits (Abyss:3)
  2 hounds
  32 orc priests
  An iron imp (Abyss:3)
  3 jellies
  A gnoll bouda (D:5)
  18 starcursed masses (Abyss:3)
  3 iguanas
  2 sleepcaps
  34 orc wizards
  A spectral swamp drake (Swamp:4)
  26 mummies
  21 gnolls
  2 shadow imps
  11 adders
  10 white imps
  2 ufetubi
  A worm zombie (Crypt:2)
  A lava snake zombie (Crypt:2)
  A worm (D:2)
  3 dart slugs
  72 orcs
  8 ball pythons
  4 endoplasms
  4 giant cockroaches
  10 goblins
  5 hobgoblins
  7 jackals
  3 quokkas
  6 bats
  4 frilled lizards
  29 kobolds
  6 rats
  A spectral orc (D:8)
  A butterfly (Lair:1)
  3 creeping infernos
  11 fire vortices
  4 starspawn tentacles (Abyss:3)
  2 tentacles (Tar:7)
3959 creatures vanquished.

Vanquished Creatures (collateral kills)
  An elemental wellspring (Coc:7)
  A spriggan air mage (Depths:1)
  A hornet (Depths:1)
  A spriggan (Depths:1)
4 creatures vanquished.

Vanquished Creatures (others)
  A Hell Sentinel (Dis:7)
  A war gargoyle (Dis:7)
  A bunyip (Swamp:2)
  A juggernaut simulacrum (Coc:7)
  A hell hog (Geh:6)
  A dancing weapon (Dis:7)
  A spriggan druid (Swamp:4)
  A quicksilver dragon simulacrum (Coc:7)
  A deep elf pyromancer (Elf:2)
  A deep elf zephyrmancer (Zig:14)
  A ghost moth simulacrum (Zot:4)
  A tormentor (Geh:6)
  4 bloated husks
  A hellwing (Pan)
  A saltling (Desolation)
  An ettin simulacrum (Coc:7)
  A small abomination (Abyss:3)
  A swamp drake zombie (Swamp:4)
  An orc (Vaults:5)
  2 creeping infernos
  2 foxfires (Swamp:3)
  7 starspawn tentacles
  3 tentacles (Tar:7)
36 creatures vanquished.

Grand Total: 3999 creatures vanquished

Notes
Turn   | Place    | Note
-------+----------+-------------------------------------------
     0 | D:1      | bakla the Vine Stalker Hedge Wizard began the quest for the
                  | Orb.
     0 | D:1      | Reached XP level 1. HP: 9/9 MP: 5/5
   187 | D:1      | Reached XP level 2. HP: 14/14 MP: 5/7
   262 | D:1      | Reached skill level 1 in Fighting
   505 | D:1      | Reached XP level 3. HP: 16/18 MP: 6/8
  1227 | D:2      | Reached skill level 1 in Short Blades
  1668 | D:3      | Found a large runed translucent door.
  1668 | D:3      | Found a large runed translucent door.
  1672 | D:3      | Noticed comborobin's ghost (amateur DEDe)
  1804 | D:3      | Gained mutation: Your natural rate of healing is unusually
                  | fast. [Vine Stalker growth]
  1804 | D:3      | Reached XP level 4. HP: 20/23 MP: 6/9
  1832 | D:3      | Found a faded altar of an unknown god.
  2003 | D:3      | Found a snail-covered altar of Cheibriados.
  2418 | D:4      | Found a sparkling altar of Nemelex Xobeh.
  2468 | D:4      | Found a stormy altar of Qazlal.
  2468 | D:4      | Noticed a sky beast
  2476 | D:4      | Killed a sky beast
  2477 | D:4      | Reached XP level 5. HP: 28/28 MP: 10/10
  2607 | D:4      | Reached XP level 6. HP: 32/32 MP: 11/11
  3034 | D:4      | Reached XP level 7. HP: 37/37 MP: 12/12
  3224 | D:4      | Reached skill level 5 in Stealth
  3348 | D:4      | Found the +4 robe of Augmentation {Str+4 Int+4 Dex+4}
  3533 | D:5      | Entered Level 5 of the Dungeon
  3746 | D:5      | Gained mutation: You have razor-sharp teeth. [Vine Stalker
                  | growth]
  3746 | D:5      | Reached XP level 8. HP: 35/42 MP: 9/13
  3750 | D:5      | Reached skill level 5 in Fighting
  4446 | D:6      | Found a staircase to the Ecumenical Temple.
  4487 | Temple   | Entered the Ecumenical Temple
  4500 | Temple   | Became a worshipper of the Wu Jian Council
  4521 | D:6      | Reached XP level 9. HP: 49/49 MP: 14/14
  4617 | D:6      | Found Tehowem's Fire Supplies.
  5034 | D:6      | Found a shimmering altar of Xom.
  5604 | D:7      | Noticed Joseph
  5607 | D:7      | Killed Joseph
  5608 | D:7      | Reached skill level 5 in Short Blades
  5608 | D:7      | Reached skill level 5 in Dodging
  5614 | D:7      | Reached * piety under Wu Jian
  5739 | D:7      | Noticed Duvessa
  5742 | D:7      | Noticed Dowan
  5745 | D:7      | Killed Duvessa
  5746 | D:7      | Killed Dowan
  5830 | D:7      | Noticed Maggie
  5849 | D:7      | Killed Maggie
  5850 | D:7      | Reached XP level 10. HP: 19/56 MP: 7/15
  6051 | D:8      | Noticed Erica
  6085 | D:8      | Killed Erica
  6091 | D:8      | Reached ** piety under Wu Jian
  6177 | D:8      | Noticed Grum
  6235 | D:8      | Killed Grum
  6305 | D:8      | Found a shadowy altar of Dithmenos.
  6307 | D:8      | Found an ancient bone altar of Kikubaaqudgha.
  6471 | D:8      | Found Suink's Self-Improvement Boutique.
  6755 | D:8      | Found a basalt altar of Yredelemnul.
  7284 | D:9      | Reached *** piety under Wu Jian
  7408 | D:10     | Entered Level 10 of the Dungeon
  7488 | D:10     | Reached XP level 11. HP: 62/62 MP: 16/16
  7493 | D:10     | Reached skill level 10 in Stealth
  7750 | D:10     | Learned a level 2 spell: Wereblood
  7752 | D:10     | Learned a level 1 spell: Beastly Appendage
  7826 | D:10     | Found a staircase to the Lair.
  7838 | D:10     | Reached skill level 10 in Fighting
  7894 | D:10     | Found an iron altar of Okawaru.
  7923 | D:10     | Found a glowing silver altar of Zin.
  7923 | D:10     | Found an opulent altar of Gozag.
  7977 | D:10     | Noticed a +0 dagger
  7977 | D:10     | Noticed a +0 hand axe
  7978 | D:10     | Found a hide-covered altar of Uskayaw.
  8107 | D:10     | Found a staircase to the Orcish Mines.
  8387 | D:11     | Noticed a wizard
  8460 | Lair:1   | Entered Level 1 of the Lair of Beasts
  8525 | Lair:1   | Reached skill level 1 in Transmutations
  8535 | Lair:1   | Reached **** piety under Wu Jian
  8646 | Lair:1   | Reached XP level 12. HP: 68/68 MP: 17/19
  8707 | Lair:1   | Reached skill level 2 in Transmutations
  8780 | Lair:1   | Found a transporter.
  9013 | Lair:1   | Found a transporter.
  9260 | Lair:2   | Found a hole to the Spider Nest.
  9297 | Lair:2   | Reached skill level 3 in Transmutations
  9460 | Lair:2   | Noticed Gastronok
  9480 | Lair:2   | Reached skill level 5 in Spellcasting
  9508 | Lair:2   | Killed Gastronok
  9509 | Lair:2   | Reached skill level 4 in Transmutations
  9545 | Lair:2   | Identified a scroll of acquirement
  9545 | Lair:2   | Acquired the ring of Cewum {rC++ rN+ Int+4 Dex+6}
  9811 | Lair:2   | Reached XP level 13. HP: 74/74 MP: 21/21
  9822 | Lair:2   | Reached ***** piety under Wu Jian
 10196 | Lair:3   | Reached skill level 5 in Transmutations
 10780 | Lair:3   | Noticed Fannar
 10785 | Lair:3   | Killed Fannar
 11021 | Lair:3   | Found a staircase to the Swamp.
 11232 | Lair:4   | Noticed Sonja
 11235 | Lair:4   | Killed Sonja
 11265 | Lair:4   | Noticed Rupert
 11268 | Lair:4   | Gained mutation: Your skin changes colour to match your
                  | surroundings (Stealth+). [potion of mutation]
 11269 | Lair:4   | Killed Rupert
 11270 | Lair:4   | Reached skill level 10 in Short Blades
 11277 | Lair:4   | Reached XP level 14. HP: 44/80 MP: 22/22
 11280 | Lair:4   | Found a frozen archway.
 11289 | IceCv    | Entered an ice cave
 11362 | IceCv    | Reached skill level 10 in Dodging
 11362 | IceCv    | Reached skill level 15 in Stealth
 11387 | IceCv    | Noticed a frost giant
 11391 | IceCv    | Killed a frost giant
 11805 | Lair:4   | Found a staircase to the Slime Pits.
 12030 | Lair:4   | Identified the staff of death "Zuisasoi" {rN+ Dex+4}
 12595 | Swamp:1  | Entered Level 1 of the Swamp
 12603 | Swamp:1  | Found a runed translucent door.
 12605 | Swamp:1  | Noticed lessens's ghost (adept FoFi)
 12606 | Swamp:1  | Noticed a thorn hunter
 12835 | Swamp:2  | Reached XP level 15. HP: 42/86 MP: 23/23
 12892 | Swamp:4  | Entered Level 4 of the Swamp
 12908 | Swamp:4  | Paralysed by a hornet for 2 turns
 12948 | Swamp:4  | Noticed a thorn hunter
 12950 | Swamp:4  | Killed a thorn hunter
 13031 | Swamp:4  | Noticed a bone dragon
 13117 | Swamp:4  | Got a decaying rune of Zot
 13229 | Abyss:2  | Found a corrupted altar of Lugonu.
 13229 | Abyss:2  | Cast into level 2 of the Abyss (spriggan rider)
 13237 | Abyss:3  | Noticed a quicksilver dragon
 13238 | Abyss:3  | Noticed an Executioner
 13251 | Abyss:3  | Killed a quicksilver dragon
 13257 | Abyss:3  | Reached XP level 16. HP: 43/93 MP: 11/24
 13276 | Abyss:3  | Killed an Executioner
 13294 | Abyss:3  | Gained mutation: You are vulnerable to heat. (rF-) [a
                  | shining eye]
 13295 | Abyss:3  | Reached skill level 15 in Fighting
 13357 | Abyss:3  | Got an abyssal rune of Zot
 13373 | Abyss:3  | Noticed a tentacled starspawn
 13378 | Abyss:3  | Killed a tentacled starspawn
 13388 | Swamp:3  | Escaped the Abyss
 13468 | Swamp:2  | Noticed Frances
 13474 | Swamp:2  | Killed Frances
 13480 | Swamp:2  | Reached ****** piety under Wu Jian
 13677 | Swamp:2  | Found a large runed translucent door.
 13678 | Swamp:2  | Found a large runed translucent door.
 13682 | Swamp:2  | Noticed Eboth's ghost (adept GnFi)
 14647 | Spider:1 | Entered Level 1 of the Spider Nest
 15101 | Spider:1 | Found a hide-covered altar of Uskayaw.
 15235 | Spider:1 | Reached XP level 17. HP: 97/100 MP: 22/25
 15651 | Spider:2 | Identified the +2 quarterstaff "Cismot Varr" {speed, rF+
                  | Will+ Dex+3}
 17142 | Spider:4 | Entered Level 4 of the Spider Nest
 17296 | Spider:4 | Noticed Arachne
 17308 | Spider:4 | Killed Arachne
 17332 | Spider:4 | Reached XP level 18. HP: 102/105 MP: 26/26
 17638 | Spider:4 | Got a gossamer rune of Zot
 18508 | Lair:1   | Identified the ring of Jahanyi {Fire *Slow rCorr Dex+3
                  | Stlth+}
 18663 | D:11     | Found Dubosuas's Jewellery Boutique.
 18673 | D:11     | Bought an amulet of reflection for 390 gold pieces
 18739 | D:11     | Identified the +2 dagger of the Forsaken Hosts {antimagic,
                  | Drain rElec rF+ Str+3 Int-4}
 18801 | D:11     | Noticed Maurice
 18808 | D:11     | Killed Maurice
 19461 | D:12     | Reached XP level 19. HP: 85/111 MP: 27/27
 20515 | D:13     | Noticed Azrael
 20545 | D:13     | Killed Azrael
 21110 | D:14     | Found a gate to the Vaults.
 21261 | Orc:1    | Entered Level 1 of the Orcish Mines
 21483 | Orc:1    | Noticed Snorg
 21496 | Orc:1    | Killed Snorg
 21634 | Orc:1    | Identified the +2 falchion of Modesty {heavy, Will+}
 21914 | Orc:2    | Entered Level 2 of the Orcish Mines
 21918 | Orc:2    | Lost mutation: Your skin changes colour to match your
                  | surroundings (Stealth+). [potion of mutation]
 21918 | Orc:2    | Lost mutation: You are vulnerable to heat. (rF-) [potion of
                  | mutation]
 21918 | Orc:2    | Gained mutation: You are dopey. (Int -2) [potion of
                  | mutation]
 21918 | Orc:2    | Gained mutation: You possess an exceptional clarity of
                  | mind. [potion of mutation]
 21918 | Orc:2    | Gained mutation: You have hidden genetic potential. [potion
                  | of mutation]
 21918 | Orc:2    | Gained mutation: You have sharp toenails. [potion of
                  | mutation]
 22021 | Orc:2    | Found Feegugou's Distillery.
 22021 | Orc:2    | Found Ruqew's Weapon Boutique.
 22023 | Orc:2    | Found Nibaecs's Weapon Shoppe.
 22023 | Orc:2    | Found Zebbaz's Weapon Boutique.
 22034 | Orc:2    | Bought a potion of mutation for 112 gold pieces
 22034 | Orc:2    | Bought a potion of might for 56 gold pieces
 22034 | Orc:2    | Bought a potion of might for 56 gold pieces
 22034 | Orc:2    | Bought a potion of resistance for 140 gold pieces
 22036 | Orc:2    | Bought a +3 rapier of speed for 377 gold pieces
 22097 | Orc:2    | Found a staircase to the Elven Halls.
 22424 | Orc:2    | Acquired 661 gold pieces
 22450 | Elf:1    | Entered Level 1 of the Elven Halls
 22458 | Elf:1    | Reached XP level 20. HP: 117/117 MP: 28/28
 22846 | Elf:1    | Reached skill level 15 in Dodging
 22855 | Elf:1    | Got Ereshkigal's Papyrus of Concussion
 23177 | Elf:2    | Learned a level 2 spell: Passwall
 23351 | Elf:2    | Found a runed translucent gate.
 23352 | Elf:2    | Found a runed translucent gate.
 23352 | Elf:2    | Found a runed translucent gate.
 23464 | Elf:2    | Gained mutation: You are strong-willed. (Will+) [hidden
                  | potential]
 23508 | Elf:3    | Entered Level 3 of the Elven Halls
 23834 | Elf:3    | Reached XP level 21. HP: 115/123 MP: 28/30
 23852 | Elf:3    | Reached skill level 6 in Transmutations
 23893 | Elf:3    | Found the +3 crown of Dyrovepreva {rElec Int+2 SInv}
 23895 | Elf:3    | Identified the ring "Ilyhux" {Ice rCorr Str+3}
 23895 | Elf:3    | Found the +8 Vampire's Tooth {megavamp}
 23932 | Elf:3    | Got Qalaju's Teachings on Translocational Clouds
 23945 | Elf:3    | Identified the +10 short sword of the Mosquito {freeze, rF+
                  | Str+6 SInv}
 23986 | Elf:3    | Got Jeneupt's Teachings on Vexatious Shadows
 24016 | Elf:3    | Identified the +9 plate armour "Bing" {rF+ Str-2 Dex+2}
 24023 | Elf:3    | Identified the +6 war axe of Peaqopseel {flame, Will- Str+4
                  | SInv}
 24325 | Elf:2    | Found Kuplymus's Magic Scroll Shop.
 24333 | Elf:2    | Bought a scroll of enchant weapon for 112 gold pieces
 24333 | Elf:2    | Bought a scroll of fog for 60 gold pieces
 24333 | Elf:2    | Bought a scroll of teleportation for 45 gold pieces
 24333 | Elf:2    | Bought a scroll of fear for 60 gold pieces
 24533 | Slime:1  | Entered Level 1 of the Pits of Slime
 24558 | Slime:1  | Paralysed by a formless jellyfish for 1 turns
 24695 | Slime:3  | Reached skill level 7 in Transmutations
 24728 | Slime:5  | Entered Level 5 of the Pits of Slime
 24922 | Slime:5  | Paralysed by a formless jellyfish for 1 turns
 24929 | Slime:5  | Gained mutation: You have great hidden genetic potential.
                  | [hidden potential]
 24929 | Slime:5  | Lost mutation: You have great hidden genetic potential.
                  | [hidden potential expressed]
 24944 | Slime:5  | Noticed the Royal Jelly
 24966 | Slime:5  | Reached skill level 8 in Transmutations
 25017 | Slime:5  | Killed the Royal Jelly
 25066 | Slime:5  | Found the +8 autumn katana {manifold assault}
 25093 | Slime:5  | Identified the +2 lajatang "Uxidefie" {flame, SInv}
 25122 | Slime:5  | Identified the +2 long sword of Kusch {flame, rPois Stlth+}
 25159 | Slime:5  | Got a slimy rune of Zot
 25174 | Slime:5  | Identified the -1 helmet of Noulurr {rN+ Regen+ Dex+6
                  | Stlth-}
 25198 | Slime:5  | Identified the +7 orcbow of the Nexus {drain, Int+5 Stlth+}
 25221 | Slime:5  | Identified the +12 chain mail "Archoxku" {rF+ Will+ Dex-3}
 25547 | Vaults:1 | Entered Level 1 of the Vaults
 25571 | Vaults:1 | Reached XP level 22. HP: 130/130 MP: 35/35
 25715 | Vaults:1 | Found a runed translucent door.
 25715 | Vaults:1 | Found a shimmering altar of Xom.
 25715 | Vaults:1 | Noticed frimble's ghost (adept OpWr)
 26175 | Vaults:1 | Reached skill level 9 in Transmutations
 26190 | Vaults:1 | Found Kibyob's General Store.
 26198 | Vaults:1 | Bought a scroll of enchant armour for 142 gold pieces
 26346 | Vaults:1 | Found Wocosuc's Armour Boutique.
 26458 | Vaults:2 | Found Puahe's Jewellery Shop.
 26468 | Vaults:2 | Bought the amulet of Vitality {RegenMP++ Regen++} for 1800
                  | gold pieces
 26468 | Vaults:2 | Found the amulet of Vitality {RegenMP++ Regen++}
 26595 | Vaults:2 | Found a staircase to the Crypt.
 26595 | Vaults:2 | Found a basalt altar of Yredelemnul.
 26596 | Vaults:2 | Found an ancient bone altar of Kikubaaqudgha.
 26649 | Vaults:2 | Identified the +7 orcbow of Gusomo Ecrit {flame, rElec
                  | rCorr Dex+3}
 26876 | Vaults:2 | Reached skill level 10 in Spellcasting
 26876 | Vaults:2 | Reached skill level 10 in Transmutations
 27053 | Vaults:2 | Reached skill level 1 in Necromancy
 27245 | Vaults:3 | Found a crumbling gateway.
 27252 | Desolati | Entered the Desolation of Salt
 27425 | Desolati | Found the +3 Elemental Staff {rElec rF+ rC+ AC+3}
 27429 | Desolati | Identified the +0 leather armour of the Miller {Harm rN+}
 27430 | Desolati | Identified the amulet "Sugumpak" {RegenMP Str+3}
 27491 | Desolati | Reached skill level 11 in Transmutations
 27508 | Desolati | Found the +7 great mace "Undeadhunter" {deathbane, rN+}
 27510 | Desolati | Found the +9 sword of Zonguldrok {reap}
 27517 | Desolati | Reached skill level 5 in Necromancy
 27525 | Desolati | Identified the ring "Moly" {rElec rPois rF+ Str+2}
 27528 | Desolati | Identified the +2 robe of Words of Power {rF+}
 27537 | Desolati | Gained mutation: You are agile. (Dex +4, Str/Int -1)
                  | [hidden potential]
 27717 | Desolati | Identified the +5 orcbow "Qipapnie" {heavy, rF+ Dex+2}
 28129 | Vaults:3 | You fall into a shaft and drop 1 floor!
 28129 | Vaults:4 | Found Xofujuly's Assorted Antiques.
 28135 | Vaults:4 | Bought a scroll of enchant weapon for 157 gold pieces
 28135 | Vaults:4 | Found Rotoolyu's Distillery.
 28144 | Vaults:4 | Reached skill level 12 in Transmutations
 28146 | Vaults:4 | Bought a potion of cancellation for 104 gold pieces
 28154 | Vaults:4 | Found Biots's Book Emporium.
 28211 | Vaults:4 | Reached XP level 23. HP: 135/135 MP: 38/38
 28424 | Vaults:4 | Found Tysoh's Distillery.
 28432 | Vaults:4 | Bought a potion of haste for 160 gold pieces
 28432 | Vaults:4 | Bought a potion of might for 64 gold pieces
 28456 | Vaults:4 | Reached skill level 13 in Transmutations
 28563 | Vaults:5 | Entered Level 5 of the Vaults
 28600 | Vaults:5 | Noticed Saint Roka
 28604 | Vaults:5 | Killed Saint Roka
 28605 | Vaults:5 | Reached skill level 10 in Necromancy
 28608 | Vaults:5 | Reached skill level 14 in Transmutations
 28621 | Vaults:5 | Identified the +4 long sword of Deamuw {spect, *Noise Str+2
                  | Int+2}
 28651 | Vaults:5 | Gained mutation: You expend magic power (3 MP) to
                  | strengthen your wands. [hidden potential]
 28651 | Vaults:5 | Lost mutation: You have hidden genetic potential. [hidden
                  | potential expressed]
 28669 | Vaults:5 | Found the +7 lajatang of Order {silver, rMut}
 28676 | Vaults:5 | Identified the +1 robe of a volcano {Dex+3 Slay+4}
 28677 | Vaults:5 | Identified the +6 shadow dragon scales "Sepowioj" {rC+
                  | Will+ Regen+ Stlth++++}
 28754 | Vaults:5 | Noticed Boris
 28767 | Vaults:5 | Killed Boris
 28768 | Vaults:5 | Reached skill level 15 in Transmutations
 28803 | Vaults:5 | Noticed an ancient lich
 28814 | Vaults:5 | Killed an ancient lich
 28815 | Vaults:5 | Reached XP level 24. HP: 140/140 MP: 38/38
 28907 | Vaults:5 | Identified the +8 morningstar "Juyxem" {drain, rF+}
 29020 | Vaults:5 | Identified the +2 robe of Wuwkeut {rElec rN+ Int-2 Slay+5}
 29061 | Vaults:5 | Identified the +6 war axe "Beerchu" {venom, Will+ MP+9
                  | Stlth+}
 29140 | Vaults:5 | Identified the +3 scale mail "Tefuesaha" {Dex+5}
 29482 | Vaults:5 | Noticed an ancient lich
 29495 | Vaults:5 | Killed an ancient lich
 29659 | Vaults:5 | Got a silver rune of Zot
 29894 | Vaults:4 | Identified the +1 scale mail of Okawaru's Whim {rElec}
 29974 | Vaults:3 | Acquired the +1 pair of boots of Cueqayhi {Regen+ Dex+4}
 30603 | D:15     | Entered Level 15 of the Dungeon
 30708 | D:15     | Found a staircase to the Depths.
 30711 | D:15     | Reached skill level 15 in Necromancy
 30733 | D:15     | Found a shadowy altar of Dithmenos.
 31181 | Depths:1 | Entered Level 1 of the Depths
 31184 | Depths:1 | Found a shadowy altar of Dithmenos.
 31213 | Depths:1 | Noticed the Enchantress
 31228 | Depths:1 | Killed the Enchantress
 31293 | Depths:1 | Found a gateway to Hell.
 31316 | Depths:1 | Identified the +6 sling "Raiwoll" {drain, rPois Dex+5}
 31323 | Depths:1 | Identified the +1 pair of gloves of Zin's Esteem {Str+4
                  | Slay+6}
 31512 | Depths:1 | Found a glowing silver altar of Zin.
 31808 | Depths:2 | Found a one-way gate leading to the halls of Pandemonium.
 31859 | Depths:2 | Found a portal to a secret trove of treasure.
 31913 | Depths:2 | You fall into a shaft and drop 2 floors!
 31913 | Depths:4 | Entered Level 4 of the Depths
 31931 | Depths:4 | Reached skill level 1 in Armour
 31968 | Depths:4 | Reached skill level 16 in Transmutations
 32040 | Depths:4 | Reached XP level 25. HP: 132/144 MP: 38/38
 32444 | Depths:4 | Found a gate to the Realm of Zot.
 32561 | Depths:4 | Found the +2 cloak of the Thief {*Fog Slay-2 SInv Stlth+}
 32883 | Depths:3 | Found a blossoming altar of Fedhas.
 32995 | Depths:3 | Reached skill level 5 in Armour
 33045 | Depths:3 | Identified the +7 scale mail of the Saviour {rF+ rC+ Int+3}
 33087 | Depths:3 | Noticed Parghit
 33105 | Depths:3 | Reached skill level 17 in Transmutations
 33146 | Depths:3 | Killed Parghit
 33169 | Depths:3 | Found a runed translucent door.
 33482 | Depths:3 | Found a basalt altar of Yredelemnul.
 33490 | Depths:3 | Noticed Vv
 33510 | Depths:3 | Killed Vv
 33541 | Depths:3 | Found an opulent altar of Gozag.
 33542 | Depths:3 | Found a hide-covered altar of Uskayaw.
 33545 | Depths:3 | Found a white marble altar of Elyvilon.
 33813 | Depths:3 | Reached XP level 26. HP: 150/150 MP: 38/38
 33888 | Depths:3 | Found a one-way gate to the infinite horrors of the Abyss.
 34056 | Depths:3 | Reached skill level 18 in Transmutations
 34098 | Depths:3 | Identified the +1 great sword of the Hierophant {distort,
                  | SInv}
 34106 | Depths:3 | Identified the +8 plate armour "Hulopelu" {Int+3 Dex+3}
 34187 | Depths:3 | Identified the +3 scale mail "Bamomum" {rF- rC+ rN+ Dex+3}
 34565 | Depths:2 | Found a runed translucent gate.
 34567 | Depths:2 | Found a runed translucent gate.
 34568 | Depths:2 | Found a runed translucent gate.
 34571 | Depths:2 | Noticed Polaczum's ghost (adept TrMo)
 34995 | Depths:2 | Found a one-way gateway to a ziggurat.
 35011 | Zig:1    | Entered Level 1 of a ziggurat
 35029 | Zig:2    | Entered Level 2 of a ziggurat
 35055 | Zig:2    | Learned a level 1 spell: Apportation
 35056 | Zig:3    | Entered Level 3 of a ziggurat
 35078 | Zig:4    | Entered Level 4 of a ziggurat
 35080 | Zig:4    | Found the +8 longbow "Zephyr" {speed, Dex+3 SInv}
 35088 | Zig:4    | Identified the ring of Feteiwy {Str+6 Dex+4}
 35108 | Zig:5    | Entered Level 5 of a ziggurat
 35136 | Zig:6    | Entered Level 6 of a ziggurat
 35156 | Zig:7    | Entered Level 7 of a ziggurat
 35176 | Zig:7    | Reached XP level 27. HP: 154/154 MP: 38/38
 35183 | Zig:8    | Entered Level 8 of a ziggurat
 35193 | Zig:8    | Found the +8 arc blade {discharge, rElec}
 35204 | Zig:8    | Identified the ring "Heyj" {Fly rElec rN+ Str-4 Int+7}
 35213 | Zig:9    | Entered Level 9 of a ziggurat
 35222 | Zig:9    | Reached skill level 19 in Transmutations
 35236 | Zig:9    | Got the Elucidation of Supportive Metamorphosis
 35242 | Zig:10   | Entered Level 10 of a ziggurat
 35267 | Zig:10   | Reached skill level 10 in Armour
 35273 | Zig:11   | Entered Level 11 of a ziggurat
 35302 | Zig:11   | Identified the ring of Ajuk {rN+ Dex+2}
 35304 | Zig:11   | Identified the +1 pair of boots of Teosys {Str+5}
 35305 | Zig:11   | Identified the ring of Departure {+Blink rPois rCorr Str-2
                  | Int+3}
 35307 | Zig:11   | Got Tufi's Precepts of Mud and Contaminants
 35308 | Zig:11   | Identified the +1 rapier of the Spheres {freeze, SInv}
 35313 | Zig:12   | Entered Level 12 of a ziggurat
 35339 | Zig:12   | Got Icuteb's Book of Skeletons
 35343 | Zig:12   | Identified the ring "Omen" {*Slow rC+ Will++ EV+5}
 35348 | Zig:13   | Entered Level 13 of a ziggurat
 35352 | Zig:13   | Noticed a juggernaut
 35353 | Zig:13   | Noticed a juggernaut
 35354 | Zig:13   | Noticed a juggernaut
 35356 | Zig:13   | Killed a juggernaut
 35361 | Zig:13   | Killed a juggernaut
 35362 | Zig:13   | Reached skill level 20 in Transmutations
 35368 | Zig:13   | Killed a juggernaut
 35384 | Zig:13   | Got the Vademecum on Maleficent Words
 35389 | Zig:14   | Entered Level 14 of a ziggurat
 35398 | Zig:14   | Paralysed by an air elemental for 1 turns
 35430 | Zig:14   | Identified the ring of Xathryv {rPois rCorr Dex+6 Slay+3}
 35442 | Zig:15   | Entered Level 15 of a ziggurat
 35450 | Zig:15   | Noticed Heud the pandemonium lord
 35458 | Zig:15   | Killed Heud the pandemonium lord
 35461 | Zig:15   | Reached skill level 21 in Transmutations
 35482 | Zig:15   | Identified the +1 short sword of Uhintoqo {holy, rC- Int+3
                  | Dex+5 Stlth+}
 35486 | Zig:15   | Identified the +6 war axe "Xachasem" {speed, SInv}
 35493 | Zig:16   | Entered Level 16 of a ziggurat
 35534 | Zig:16   | Acquired 1071 gold pieces
 35536 | Zig:16   | Identified the ring of Apoupn {Drain Fly rC+ rCorr Dex+6}
 35550 | Zig:17   | Entered Level 17 of a ziggurat
 35604 | Zig:17   | Identified the amulet of Qeskyip {Spirit rC++ Int+4}
 35606 | Zig:18   | Entered Level 18 of a ziggurat
 35642 | Zig:18   | Found the +2 shield of Resistance {rF++ rC++ Will++}
 35677 | Zig:18   | Identified the ring "Jaesch" {Fly rElec rC- Str+6 Slay+2}
 35713 | Pan      | Entered Pandemonium
 35761 | Pan      | Noticed Nahusch the pandemonium lord
 35878 | Pan      | Gained mutation: You have hidden genetic defects. [a
                  | cacodemon]
 36241 | Pan      | Reached skill level 10 in Shields
 36384 | Pan      | Found an exit through the horrors of the Abyss.
 36636 | Pan      | Lost mutation: You are agile. (Dex +4, Str/Int -1) [hidden
                  | defects]
 37055 | Pan      | Found an exit through the horrors of the Abyss.
 37081 | Pan      | Noticed Xiecio the pandemonium lord
 37091 | Pan      | Killed Xiecio the pandemonium lord
 37247 | Pan      | Gained mutation: You are clumsy. (Dex -2) [hidden defects]
 37247 | Pan      | Lost mutation: You have hidden genetic defects. [hidden
                  | defects expressed]
 37526 | Pan      | Noticed Zeilij the pandemonium lord
 37573 | Pan      | Killed Zeilij the pandemonium lord
 37594 | Pan      | Got a demonic rune of Zot
 37906 | Pan      | Entered the realm of Cerebov.
 38001 | Pan      | Found an exit through the horrors of the Abyss.
 38021 | Pan      | Identified the ring of Xuutuyd {Fire rElec}
 38034 | Pan      | Found the +6 sword of Cerebov {flame}
 38034 | Pan      | Noticed Cerebov
 38053 | Pan      | Killed Cerebov
 38130 | Pan      | Identified the +11 flail of Integrity {flame, *Noise Str+4}
 38140 | Pan      | Identified the +0 robe of the Enchanted Forest {Str+5}
 38145 | Pan      | Identified the +1 short sword of Autumn {flame, rF++ Int+4}
 38190 | Pan      | Identified the +12 mace "Iduzepn" {heavy, *Corrode rN+
                  | Stlth+}
 38192 | Pan      | Identified the +10 rapier of Mastery {heavy, rC+}
 38215 | Pan      | Identified the -1 pair of boots of the Endless Expanse
                  | {rPois}
 38345 | Pan      | Got a fiery rune of Zot
 38396 | Pan      | Entered the realm of Lom Lobon.
 38396 | Pan      | Found an exit through the horrors of the Abyss.
 38542 | Pan      | Noticed Lom Lobon
 38555 | Pan      | Killed Lom Lobon
 38563 | Pan      | Got a magical rune of Zot
 38649 | Pan      | Entered the realm of Gloorx Vloq.
 38689 | Pan      | Noticed Gloorx Vloq
 38700 | Pan      | Killed Gloorx Vloq
 38731 | Pan      | Got a dark rune of Zot
 38751 | Pan      | Identified the +4 scale mail of the Lost Bounties {rPois
                  | rF+ rCorr}
 38894 | Pan      | Noticed Qickov the pandemonium lord
 38900 | Pan      | Entered the realm of Mnoleg.
 38902 | Pan      | Gained mutation: Your body sometimes deteriorates upon
                  | taking damage. [a neqoxec]
 38902 | Pan      | Gained mutation: You are frail. (-10% HP) [a neqoxec]
 38913 | Pan      | Noticed Mnoleg
 38917 | Pan      | Killed Mnoleg
 38922 | Pan      | Gained mutation: Your body often deteriorates upon taking
                  | damage. [a neqoxec]
 38937 | Pan      | Got a glowing rune of Zot
 38964 | Pan      | Found an exit through the horrors of the Abyss.
 38975 | Pan      | Took an exit into the Abyss.
 38975 | Abyss:3  | Escaped into the Abyss
 39248 | Abyss:3  | Found a corrupted altar of Lugonu.
 39673 | Abyss:3  | Found a corrupted altar of Lugonu.
 39690 | Abyss:3  | Gained mutation: You are vulnerable to heat. (rF-) [a
                  | cacodemon]
 39698 | Depths:2 | Escaped the Abyss
 39699 | Depths:2 | Lost mutation: You have sharp toenails. [potion of
                  | mutation]
 39699 | Depths:2 | Lost mutation: You are frail. (-10% HP) [potion of
                  | mutation]
 39699 | Depths:2 | Lost mutation: Your body often deteriorates upon taking
                  | damage. [potion of mutation]
 39699 | Depths:2 | Gained mutation: Your spells are a little harder to cast,
                  | but a little more powerful. [potion of mutation]
 39699 | Depths:2 | Gained mutation: You heal very quickly. [potion of
                  | mutation]
 39699 | Depths:2 | Gained mutation: You have sharp toenails. [potion of
                  | mutation]
 39700 | Depths:2 | Lost mutation: You possess an exceptional clarity of mind.
                  | [potion of mutation]
 39700 | Depths:2 | Lost mutation: You heal very quickly. [potion of mutation]
 39700 | Depths:2 | Gained mutation: You have razor-sharp toenails. [potion of
                  | mutation]
 39700 | Depths:2 | Gained mutation: You have a somewhat thin skeletal
                  | structure. (Dex +2, Stealth+) [potion of mutation]
 39701 | Depths:2 | Lost mutation: You have a somewhat thin skeletal structure.
                  | (Dex +2, Stealth+) [potion of mutation]
 39701 | Depths:2 | Lost mutation: You have razor-sharp toenails. [potion of
                  | mutation]
 39701 | Depths:2 | Lost mutation: You are clumsy. (Dex -2) [potion of
                  | mutation]
 39701 | Depths:2 | Gained mutation: You are agile. (Dex +4, Str/Int -1)
                  | [potion of mutation]
 39701 | Depths:2 | Lost mutation: You are agile. (Dex +4, Str/Int -1) [potion
                  | of mutation]
 39701 | Depths:2 | Lost mutation: You are dopey. (Int -2) [potion of mutation]
 39702 | Depths:2 | Lost mutation: Your spells are a little harder to cast, but
                  | a little more powerful. [potion of mutation]
 39702 | Depths:2 | Lost mutation: You have sharp toenails. [potion of
                  | mutation]
 39702 | Depths:2 | Gained mutation: You occasionally lose the ability to drink
                  | potions when taking damage. [potion of mutation]
 39702 | Depths:2 | Gained mutation: You have hidden genetic defects. [potion
                  | of mutation]
 39702 | Depths:2 | Gained mutation: You are agile. (Dex +4, Str/Int -1)
                  | [potion of mutation]
 39703 | Depths:2 | Lost mutation: You are agile. (Dex +4, Str/Int -1) [potion
                  | of mutation]
 39703 | Depths:2 | Lost mutation: You expend magic power (3 MP) to strengthen
                  | your wands. [potion of mutation]
 39703 | Depths:2 | Lost mutation: You are vulnerable to heat. (rF-) [potion of
                  | mutation]
 39703 | Depths:2 | Gained mutation: You have an increased reservoir of magic.
                  | (+10% MP) [potion of mutation]
 39703 | Depths:2 | Lost mutation: You have hidden genetic defects. [potion of
                  | mutation]
 39704 | Depths:2 | Lost mutation: You have an increased reservoir of magic.
                  | (+10% MP) [potion of mutation]
 39704 | Depths:2 | Lost mutation: You occasionally lose the ability to drink
                  | potions when taking damage. [potion of mutation]
 39704 | Depths:2 | Gained mutation: You have a pair of small antennae on your
                  | head. [potion of mutation]
 39704 | Depths:2 | Gained mutation: You occasionally lose the ability to read
                  | scrolls when taking damage. [potion of mutation]
 39704 | Depths:2 | Gained mutation: You are partially covered in iridescent
                  | scales. (AC +2) [potion of mutation]
 39705 | Depths:2 | Lost mutation: You occasionally lose the ability to read
                  | scrolls when taking damage. [potion of mutation]
 39705 | Depths:2 | Lost mutation: You are strong-willed. (Will+) [potion of
                  | mutation]
 39705 | Depths:2 | Lost mutation: Your body sometimes deteriorates upon taking
                  | damage. [potion of mutation]
 39705 | Depths:2 | Gained mutation: Your mind is acute. (Int +4, Str/Dex -1)
                  | [potion of mutation]
 39705 | Depths:2 | Gained mutation: You heal very quickly. [potion of
                  | mutation]
 39705 | Depths:2 | Gained mutation: You expend magic power (3 MP) to
                  | strengthen your wands. [potion of mutation]
 39706 | Depths:2 | Upgraded the game from 0.31-a0-154-g56bf346678 to
                  | 0.31-a0-161-gb58dd9be76
 39784 | Hell     | Entered the Vestibule of Hell
 39784 | Hell     | Noticed Geryon
 39822 | Hell     | Found a gateway to the decaying netherworld of Tartarus.
 39827 | Hell     | Reached skill level 22 in Transmutations
 39874 | Hell     | Killed Geryon
 39881 | Tar:1    | Entered Level 1 of Tartarus
 39890 | Tar:2    | You fall into a shaft and drop 1 floor!
 39992 | Tar:5    | Reached skill level 23 in Transmutations
 40067 | Tar:7    | Entered Level 7 of Tartarus
 40127 | Tar:7    | Reached skill level 24 in Transmutations
 40240 | Tar:7    | Reached skill level 25 in Transmutations
 40339 | Tar:7    | Noticed Ereshkigal
 40346 | Tar:7    | Killed Ereshkigal
 40350 | Tar:7    | Reached skill level 26 in Transmutations
 40357 | Tar:7    | Identified the amulet "Zipry" {Spirit Int+2 Dex+2}
 40363 | Tar:7    | Got a bone rune of Zot
 40365 | Tar:7    | Identified the ring "Amoz Tuxe" {Ice rElec Dex+3}
 40371 | Tar:7    | Identified the staff of fire "Jeujyus" {rF+ rN+ Str+3
                  | Int-3}
 40639 | Hell     | Found a gateway to the ashen valley of Gehenna.
 40646 | Geh:1    | Entered Level 1 of Gehenna
 40963 | Geh:5    | Reached skill level 27 in Transmutations
 40968 | Geh:5    | Noticed a dread lich
 40977 | Geh:5    | Killed a dread lich
 41036 | Geh:7    | Entered Level 7 of Gehenna
 41243 | Geh:7    | Identified the +1 short sword of Joyful Slaughter {heavy,
                  | Will+ MP+9 Int+2}
 41521 | Geh:7    | Found the +13 sceptre of Asmodeus
 41521 | Geh:7    | Noticed Asmodeus
 41555 | Geh:7    | Killed Asmodeus
 41576 | Geh:7    | Got an obsidian rune of Zot
 41787 | Hell     | Found a gateway to the freezing wastes of Cocytus.
 41798 | Coc:1    | Entered Level 1 of Cocytus
 42030 | Coc:7    | Entered Level 7 of Cocytus
 42250 | Coc:7    | Noticed Antaeus
 42252 | Coc:7    | Reached skill level 15 in Armour
 42283 | Coc:7    | Killed Antaeus
 42348 | Coc:7    | Paralysed by a wendigo for 1 turns
 42382 | Coc:7    | Got an icy rune of Zot
 42400 | Coc:7    | Identified the +2 helmet "Bavizy" {MP+9 Str+6 Slay-4}
 42470 | Coc:7    | Identified the ring "Imytyit" {rF- rC+ Will+++ AC+4 Dex+3}
 42808 | Hell     | Found a gateway to the Iron City of Dis.
 42828 | Dis:1    | Entered Level 1 of the Iron City of Dis
 43057 | Dis:3    | You fall into a shaft and drop 3 floors!
 43089 | Dis:7    | Entered Level 7 of the Iron City of Dis
 43169 | Dis:7    | Noticed the Serpent of Hell
 43232 | Dis:7    | Reached skill level 1 in Earth Magic
 43245 | Dis:7    | Killed the Serpent of Hell
 43253 | Dis:7    | Reached skill level 5 in Earth Magic
 43343 | Dis:7    | Noticed Dispater
 43343 | Dis:7    | Noticed a juggernaut
 43352 | Dis:7    | Killed a juggernaut
 43360 | Dis:7    | Killed Dispater
 43384 | Dis:7    | Got an iron rune of Zot
 43455 | Dis:7    | Noticed a juggernaut
 43475 | Dis:7    | Killed a juggernaut
 43711 | Crypt:1  | Entered Level 1 of the Crypt
 43728 | Crypt:1  | Noticed Aizul
 43733 | Crypt:1  | Killed Aizul
 43810 | Crypt:2  | Reached skill level 10 in Earth Magic
 43817 | Crypt:3  | Entered Level 3 of the Crypt
 43818 | Crypt:3  | Found a staircase to the Tomb.
 43829 | Crypt:3  | Found an ancient bone altar of Kikubaaqudgha.
 43944 | Crypt:3  | Noticed a dread lich
 43944 | Crypt:3  | Noticed a dread lich
 44132 | Crypt:3  | Learned a level 9 spell: Shatter
 44287 | Tomb:1   | Entered Level 1 of the Tomb of the Ancients
 44354 | Tomb:1   | Learned a level 6 spell: Statue Form
 44414 | Tomb:1   | Noticed a royal mummy
 44424 | Tomb:1   | Killed a royal mummy
 44477 | Tomb:1   | Noticed a royal mummy
 44478 | Tomb:1   | Killed a royal mummy
 44531 | Tomb:1   | Noticed a royal mummy
 44551 | Tomb:1   | Killed a royal mummy
 44662 | Tomb:2   | Noticed a royal mummy
 44668 | Tomb:2   | Noticed a royal mummy
 44671 | Tomb:2   | Killed a royal mummy
 44671 | Tomb:2   | Noticed a royal mummy
 44671 | Tomb:2   | Noticed a royal mummy
 44701 | Tomb:2   | Killed a royal mummy
 44707 | Tomb:2   | Killed a royal mummy
 44710 | Tomb:2   | Killed a royal mummy
 44836 | Tomb:1   | Noticed a royal mummy
 44844 | Tomb:1   | Killed a royal mummy
 44845 | Tomb:1   | Reached skill level 15 in Earth Magic
 44889 | Tomb:1   | Noticed a royal mummy
 44889 | Tomb:1   | Noticed a royal mummy
 44900 | Tomb:1   | Killed a royal mummy
 44909 | Tomb:1   | Killed a royal mummy
 44910 | Tomb:1   | Noticed a royal mummy
 44914 | Tomb:1   | Killed a royal mummy
 44933 | Tomb:1   | Noticed a royal mummy
 44933 | Tomb:1   | Noticed a royal mummy
 44941 | Tomb:1   | Killed a royal mummy
 44944 | Tomb:1   | Killed a royal mummy
 44959 | Tomb:1   | Noticed a royal mummy
 44964 | Tomb:1   | Killed a royal mummy
 44967 | Tomb:1   | Noticed a royal mummy
 44969 | Tomb:1   | Noticed a royal mummy
 44976 | Tomb:1   | Killed a royal mummy
 44976 | Tomb:1   | Noticed a royal mummy
 44977 | Tomb:1   | Killed a royal mummy
 44980 | Tomb:1   | Killed a royal mummy
 44984 | Tomb:1   | Noticed a royal mummy
 44989 | Tomb:1   | Killed a royal mummy
 44995 | Tomb:1   | Noticed a royal mummy
 44999 | Tomb:1   | Killed a royal mummy
 45003 | Tomb:1   | Noticed a royal mummy
 45007 | Tomb:1   | Noticed a royal mummy
 45012 | Tomb:1   | Killed a royal mummy
 45014 | Tomb:1   | Killed a royal mummy
 45020 | Tomb:1   | Noticed a royal mummy
 45023 | Tomb:1   | Killed a royal mummy
 45040 | Tomb:2   | Paralysed by a Zot trap for 5 turns
 45094 | Tomb:3   | Entered Level 3 of the Tomb of the Ancients
 45104 | Tomb:3   | Noticed a royal mummy
 45126 | Tomb:3   | Noticed a royal mummy
 45130 | Tomb:3   | Killed a royal mummy
 45133 | Tomb:3   | Killed a royal mummy
 45137 | Tomb:3   | Noticed a royal mummy
 45137 | Tomb:3   | Gained mutation: You sometimes lose your temper in combat.
                  | [mutagenic glow]
 45143 | Tomb:3   | Killed a royal mummy
 45151 | Tomb:3   | Noticed a royal mummy
 45153 | Tomb:3   | Killed a royal mummy
 45169 | Tomb:3   | Lost mutation: You are partially covered in iridescent
                  | scales. (AC +2) [mutagenic glow]
 45187 | Tomb:3   | Noticed a royal mummy
 45189 | Tomb:3   | Noticed a royal mummy
 45193 | Tomb:3   | Killed a royal mummy
 45193 | Tomb:3   | Killed a royal mummy
 45203 | Tomb:3   | Noticed a royal mummy
 45212 | Tomb:3   | Killed a royal mummy
 45220 | Tomb:3   | Got a golden rune of Zot
 45263 | Tomb:3   | Noticed a royal mummy
 45269 | Tomb:3   | Killed a royal mummy
 45269 | Tomb:3   | Noticed a royal mummy
 45273 | Tomb:3   | Killed a royal mummy
 45685 | Zot:1    | Entered Level 1 of the Realm of Zot
 45696 | Zot:1    | Noticed an orb of fire
 45710 | Zot:1    | Gained mutation: You occasionally lose the ability to read
                  | scrolls when taking damage. [an orb of fire]
 45712 | Zot:1    | Killed an orb of fire
 45851 | Zot:2    | Found a transporter.
 45869 | Zot:2    | Found a transporter.
 45891 | Zot:2    | Lost mutation: You occasionally lose the ability to read
                  | scrolls when taking damage. [potion of mutation]
 45891 | Zot:2    | Lost mutation: You heal very quickly. [potion of mutation]
 45891 | Zot:2    | Lost mutation: You sometimes lose your temper in combat.
                  | [potion of mutation]
 45891 | Zot:2    | Gained mutation: You occasionally lose the ability to drink
                  | potions when taking damage. [potion of mutation]
 45891 | Zot:2    | Gained mutation: Your muscles are strong. (Str +4, Int/Dex
                  | -1) [potion of mutation]
 45892 | Zot:2    | Lost mutation: You have a pair of small antennae on your
                  | head. [potion of mutation]
 45892 | Zot:2    | Lost mutation: Your muscles are strong. (Str +4, Int/Dex
                  | -1) [potion of mutation]
 45892 | Zot:2    | Lost mutation: You expend magic power (3 MP) to strengthen
                  | your wands. [potion of mutation]
 45892 | Zot:2    | Gained mutation: Your flesh is cold resistant. (rC+)
                  | [potion of mutation]
 45892 | Zot:2    | Gained mutation: You passively dampen the noise of your
                  | surroundings. [potion of mutation]
 45892 | Zot:2    | Gained mutation: You are clumsy. (Dex -2) [potion of
                  | mutation]
 45893 | Zot:2    | Lost mutation: Your mind is acute. (Int +4, Str/Dex -1)
                  | [potion of mutation]
 45893 | Zot:2    | Lost mutation: Your flesh is cold resistant. (rC+) [potion
                  | of mutation]
 45893 | Zot:2    | Lost mutation: You are clumsy. (Dex -2) [potion of
                  | mutation]
 45893 | Zot:2    | Gained mutation: Your body sometimes deteriorates upon
                  | taking damage. [potion of mutation]
 45893 | Zot:2    | Gained mutation: You have a pair of small horns on your
                  | head. [potion of mutation]
 45894 | Zot:2    | Lost mutation: You occasionally lose the ability to drink
                  | potions when taking damage. [potion of mutation]
 45894 | Zot:2    | Lost mutation: Your body sometimes deteriorates upon taking
                  | damage. [potion of mutation]
 45894 | Zot:2    | Gained mutation: Your system is resistant to poisons.
                  | (rPois) [potion of mutation]
 45894 | Zot:2    | Gained mutation: You occasionally lose the ability to drink
                  | potions when taking damage. [potion of mutation]
 45895 | Zot:2    | Lost mutation: You have a pair of small horns on your head.
                  | [potion of mutation]
 45895 | Zot:2    | Lost mutation: You passively dampen the noise of your
                  | surroundings. [potion of mutation]
 45895 | Zot:2    | Gained mutation: You are partially covered in large bone
                  | plates. (SH +4) [potion of mutation]
 45895 | Zot:2    | Gained mutation: Your mind is acute. (Int +4, Str/Dex -1)
                  | [potion of mutation]
 45896 | Zot:2    | Lost mutation: Your system is resistant to poisons. (rPois)
                  | [potion of mutation]
 45896 | Zot:2    | Lost mutation: You occasionally lose the ability to drink
                  | potions when taking damage. [potion of mutation]
 45896 | Zot:2    | Gained mutation: You are somewhat resistant to further
                  | mutation. [potion of mutation]
 46041 | Zot:4    | Identified the ring "Ysilil" {Ice Contam rElec Int+3
                  | Slay+6}
 46041 | Zot:4    | Noticed Josephina
 46049 | Zot:4    | Killed Josephina
 46057 | Zot:5    | Entered Level 5 of the Realm of Zot
 46084 | Zot:5    | Noticed a dread lich
 46084 | Zot:5    | Noticed a dread lich
 46084 | Zot:5    | Noticed an orb of fire
 46084 | Zot:5    | Noticed an ancient lich
 46091 | Zot:5    | Killed a dread lich
 46093 | Zot:5    | Killed an ancient lich
 46094 | Zot:5    | Killed an orb of fire
 46109 | Zot:5    | Got the Orb of Zot
 46111 | Zot:5    | Noticed an orb of fire
 46111 | Zot:5    | Noticed an ancient lich
 46111 | Zot:5    | Noticed an orb of fire
 46112 | Zot:5    | Noticed an ancient lich
 46112 | Zot:5    | Noticed a dread lich
 46115 | Zot:5    | Killed an orb of fire
 46118 | Zot:5    | Noticed an orb of fire
 46118 | Zot:5    | Killed a dread lich
 46118 | Zot:5    | Killed an ancient lich
 46119 | Zot:5    | Killed an ancient lich
 46121 | Zot:5    | Killed an orb of fire
 46123 | Zot:5    | Killed an orb of fire
 46137 | Zot:5    | Noticed a dread lich
 46140 | Zot:5    | Killed a dread lich
 46361 | Depths:1 | Noticed a seraph
 46656 | D:3      | Noticed Edungukh the pandemonium lord
 46659 | D:3      | Killed Edungukh the pandemonium lord
 46763 | D:$      | Escaped with the Orb!

Illustrated notes

Levels and vault maps discovered:
D:1:      amcnicky_arrival_abandoned_market, layout_basic
D:2:      layout_basic
D:3:      wander_river, layout_basic, cheibriados_altar_1,
          ebering_ecumenical_altar_box, ebering_ghost_disaster_area,
          hangedman_glass_teeth
D:4:      layout_basic, nicolae_overflow_crystal_walls,
          nicolae_qazlal_beasts_of_the_sky, minmay_divided_ellipse
D:5:      layout_cave_pools, hangedman_decor_slide_cut
D:6:      kennysheep_six_static_rooms, layout_loops_corners,
          mainiacjoe_overflow_alcove_4, minmay_temple_entry_waves,
          grunt_decor_cap, nicolae_shop_fire_sale [nicolae_sub_dead_trees],
          minmay_liquid_box
D:7:      layout_basic, uniq_joseph, uniq_maggie, uniq_duvessa
D:8:      layout_rooms, nicolae_overflow_hidden_temple,
          yredelemnul_forgotten_temple_becter, nicolae_shop_self_help,
          uniq_erica, uniq_grum
D:9:      layout_roguey, nrook_loot_triangle
D:10:     layout_long_grid, grunt_temple_overflow_gold_and_silver,
          mainiacjoe_overflow_24_doors, dancing_weapons_uskayaw,
          minmay_lair_entry_grove
D:11:     layout_gridville, minmay_shop_enchanted_jewellery, uniq_maurice
D:12:     layout_small_grid, kennysheep_potato
D:13:     layout_roguey, serial_ice, serial_ice_b, serial_ice_f, serial_ice_a,
          serial_ice_k, serial_ice_h, serial_ice_g, serial_ice_m, serial_ice_o,
          serial_ice_c, serial_ice_n, uniq_azrael
D:14:     layout_roguey, hangedman_vaults_entry_quadrant_bands
D:15:     hangedman_depths_entry_civil_slaughter, layout_rooms, nicolae_wwwww,
          nicolae_dithmenos_shadow_blocks
Temple:   corrupted_temple
Lair:1:   gammafunk_worm_tunnel, layout_small_grid, lemuel_fruit_tree,
          grunt_megastairs_3, lemuel_fruit_fields, lemuel_fruit_fields
Lair:2:   layout_cave_pods, spider_nest_entry_rubble, st_stairs_10,
          minivault_19, uniq_gastronok
Lair:3:   layout_cellular_growth, palyth_hydra_swamp_entry, fungi_pond_lemuel,
          chequers_serial_rivers_large_a, minivault_19,
          infiniplex_staircase_pool_2, uniq_fannar
Lair:4:   dragon1_lemuel, layout_small_grid, dpeg_slime_entry_enclosed,
          portal_ice_cave_entry_pillars_1, cheibrodos_lair_lostbears,
          uniq_rupert, uniq_sonja
Swamp:1:  layout_basic_swamp, ebering_ghost_inner_flame,
          evilmike_swamp_ruin_rubble_1
Swamp:2:  layout_falls_marsh, ebering_ghost_disaster_area,
          evilmike_swamp_ruin_house_4, swamp_pool5, uniq_frances
Swamp:3:  layout_falls_marsh, evilmike_swamp_ruin_house_2
Swamp:4:  swamp_pestilence, layout_basic_swamp
Spider:1: layout_spider_delve, drop_trap, nicolae_spider_altar_of_dancing
Spider:2: layout_spider_delve, drop_trap, beargit_elvish_explorers
Spider:3: layout_spider_delve, nicolae_spider_claw_tunnel
Spider:4: johnstein_spider_rune_arachne_lair
Slime:1:  layout_caves, nicolae_slime_barrier
Slime:2:  layout_caves, basic_altar, cheibrodos_slime_lost_civilization_6
Slime:3:  layout_caves
Slime:4:  layout_caves, cheibrodos_slime_lost_civilization_4
Slime:5
Orc:1:    orc_temple, layout_caves, uniq_snorg
Orc:2:    grunt_orc_tribal_feast, layout_caves
Elf:1:    layout_gridlike, minmay_elf_annihilation, hangedman_elven_pyramids
Elf:2:    nicolae_elf_blades_crystal_corner, layout_loops_cross, special_room
          [special_room_mythical_zoo], serial_shops, nicolae_diamond_shop,
          nicolae_concentric_dashed_squares_wild, grunt_ministairs_11,
          moated_statue
Elf:3:    minmay_elf_hall_circle, layout_geoelf_castle
Vaults:1: ebering_ghost_xom, nicolae_vaults_offset_grid_hallway_2, v_misc_8,
          nicolae_vaults_offset_grid_hallway_2,
          nicolae_vaults_storage_room_doors, nicolae_vaults_turnstiles,
          nicolae_vaults_shelves_hall, nicolae_vaults_trapezoid_3,
          nicolae_vaults_taking_the_gang_shopping, layout_vaults_big_room,
          serial_shops, nicolae_shop_stone
Vaults:2: minmay_crypt_entry_necro_gods,
          vaults_standard_mumra_enter_the_diamond, ontoclasm_vaults_bender,
          vaults_dpeg_hooks, v_misc_26, nicolae_vaults_octothorpe,
          vaults_room_door_ring, nicolae_vaults_cornered_office,
          nicolae_vaults_tetromino_L_1, v_misc_25,
          nicolae_vaults_mini_display_case, layout_vaults_omnibox, serial_shops,
          shop
Vaults:3: portal_desolation_entry_ruin, v_alt_pattern_1,
          nicolae_vaults_little_ls, nicolae_vaults_more_shelving_1, v_misc_11,
          vaults_room_grid, ontoclasm_vaults_shuriken,
          nicolae_vaults_weapon_check, layout_vaults_omnigrid
Vaults:4: hangedman_vaults_nodes, nicolae_vaults_door_testing_chamber,
          nicolae_vaults_wrenched, ontoclasm_vaults_decontamination,
          v_pattern_1, nicolae_vaults_network_s,
          nicolae_vaults_ring_of_whatevers,
          nicolae_vaults_shipping_containers_3, nicolae_vaults_heist, v_misc_13,
          nicolae_vaults_tetromino_Z_1, nicolae_vaults_hexular_roomagon,
          layout_vaults_maze_snakey, serial_shops,
          nicolae_shop_just_a_little_nook, shop, shop,
          nicolae_shop_rolling_square, shop
Vaults:5: serial_shops, uniq_boris, uniq_saint_roka
Crypt:1:  layout_basic, st_stairs_14, nicolae_crypt_cryptocurrency,
          grunt_crypt_arrival_split, uniq_aizul, uniq_xtahua
Crypt:2:  layout_rooms, ebering_ghost_reflecting_pool, serial_co_window_serial,
          co_window_of_opportunity_a, co_window_corner_a, co_window_paths_a,
          co_window_of_opportunity_a, co_window_paths_a, co_window_corner_a,
          co_window_of_opportunity_a, co_window_2corner, co_window_broadway_c,
          co_window_2corner, co_window_of_opportunity_c, co_window_broadway_a,
          co_window_paths_e, co_window_4corner_a, glass_columns_c,
          glass_columns_a, glass_columns_a
Crypt:3:  david_glass_crypt, layout_gridlike, basic_altar
Tomb:1
Tomb:2
Tomb:3
Depths:1: layout_cave_pools, lemuel_crystal_altar, hell_entry, zin_treasury,
          uniq_enchantress
Depths:2: minmay_thinvault, layout_long_grid, enter_ziggurat_f,
          gammafunk_ghost_necromancy, nicolae_trove_entry_columns,
          pf_hell_entry_great_geh, pan_entry, serial_glass, glass_columns_c,
          glass_columns_b, infiniplex_staircase_river, serial_bayou_shore_a
Depths:3: minmay_the_grid_ultimate [minmay_the_grid_prize_inner_circle,
          minmay_the_grid_prize_four_corners_diamond_a,
          minmay_the_grid_prize_diamond_cup,
          minmay_the_grid_prize_shrinking_boxes,
          minmay_the_grid_square_5x5_almost_minimal,
          minmay_the_grid_square_5x5_bracketed,
          minmay_the_grid_square_5x5_three_small,
          minmay_the_grid_square_5x5_detours,
          minmay_the_grid_square_5x5_minimal, minmay_the_grid_square_5x5_two,
          minmay_the_grid_square_5x5_pentomino_r,
          minmay_the_grid_square_5x5_plus,
          minmay_the_grid_square_5x5_sharp_hourglass,
          minmay_the_grid_square_5x5_one_wall,
          minmay_the_grid_square_5x5_doubleslash,
          minmay_the_grid_square_5x5_shuriken,
          minmay_the_grid_square_5x5_bridge,
          minmay_the_grid_square_5x5_six_small,
          minmay_the_grid_square_5x5_forky, minmay_the_grid_triangle_9x9_empty,
          minmay_the_grid_triangle_9x9_longest,
          minmay_the_grid_triangle_9x9_subtriangle,
          minmay_the_grid_triangle_9x9_skeleton,
          minmay_the_grid_triangle_9x9_stretched_checkered,
          minmay_the_grid_triangle_9x9_thin_v,
          minmay_the_grid_triangle_9x9_corrupted_corridor,
          minmay_the_grid_triangle_9x9_checkered,
          minmay_the_grid_triangle_9x9_sparse_checkered,
          minmay_the_grid_triangle_9x9_negative_grid,
          minmay_the_grid_triangle_9x9_impossible_snake,
          minmay_the_grid_triangle_9x9_descending_squares,
          minmay_the_grid_triangle_9x9_pentomino_pain,
          minmay_the_grid_triangle_9x9_shrine,
          minmay_the_grid_triangle_9x9_wacky_v,
          minmay_the_grid_triangle_9x9_limited_checkers,
          minmay_the_grid_square_5x5_z, minmay_the_grid_octo_vomiting_pacman,
          minmay_the_grid_octo_fat_diamond, minmay_the_grid_octo_concentric,
          minmay_the_grid_octo_focus, minmay_the_grid_octo_shrine,
          minmay_the_grid_octo_odd_swirl, minmay_the_grid_octo_clover_2,
          minmay_the_grid_octo_horde, minmay_the_grid_plusring,
          minmay_the_grid_odd_star, minmay_the_grid_minigrid_small_alt,
          minmay_the_grid_eight], pan_entry, hell_entry, abyss_entry, uniq_vv,
          uniq_parghit
Depths:4: grunt_zot_entry_gee_three, layout_gridlike, grunt_hell_entry_dis_mu,
          chequers_serial_rivers_marsh, grunt_ministairs_5
Hell
Dis:1:    layout_gridville
Dis:2:    layout_jigsaw, nicolae_dis_having_a_grate_time
Dis:3:    layout_subdivisions, nicolae_dis_metal_lava_thing
Dis:6:    layout_gridville, lemuel_mystery_crypt
Dis:7:    dis_hangedman
Geh:1:    layout_gehenna_lava_caves
Geh:2:    layout_gehenna_pools_triple, lemuel_flamethrower_3
Geh:3:    layout_gehenna_pools_triple
Geh:4:    hangedman_generic_boss_arena
Geh:5:    layout_gehenna_lava_caves
Geh:6:    layout_gehenna_lava_caves
Geh:7:    geh_hangedman
Coc:1:    nicolae_coc_through_the_icewall, layout_cocytus_water_paths
Coc:2:    layout_cocytus_water_paths
Coc:3:    layout_ice_bergs
Coc:4:    layout_cocytus_water_paths
Coc:5:    layout_ice_bergs
Coc:6:    layout_cocytus_water_paths
Coc:7:    coc_mu
Tar:1:    layout_grid_maze, nicolae_tar_cuneiform_city
Tar:2:    layout_grid_maze
Tar:3:    layout_grid_maze
Tar:4:    layout_cathedral_of_symmetry
Tar:5:    layout_grid_maze
Tar:6:    layout_grid_maze, nicolae_tar_combbox
Tar:7:    tar_minmay_river
Zot:1:    hangedman_zot_vaults_quadrants, layout_onion_interference,
          hangedman_elemental_grid_stream
Zot:2:    layout_misc_corridors, serial_nicolae_subway,
          nicolae_sub_station_crystal, nicolae_sub_station_stone,
          nicolae_sub_station_metal, uniq_grunn
Zot:3:    layout_cellular_growth, hangedman_swamp_dais, grunt_megastairs_5
Zot:4:    layout_misc_corridors, nicolae_shop_clearance, uniq_josephina
Zot:5:    layout_twisted_circle, st_stairs_2

Skill      XL: |  1  2  3  4  5  6  7  8  9 10 11 12 13 14 15 16 17 18 19 20 21 22 23 24 25 26 27 |
---------------+----------------------------------------------------------------------------------+-----
Fighting       | 1 2 3 4 6 8 9 10 11 12 13 14 15 16 17 18 19 24 | 24.7
Stealth        | 3 4 5 6 8 9 11 12 14 16 18 19 20 21 23 26 | 26.9
Dodging        | 2 3 4 5 6 7 8 9 10 12 13 14 15 16 20 | 20.2
Short Blades   | 1 2 3 4 5 6 7 8 10 12 13 14 | 14.0
Transmutations | 1 4 5 8 12 15 16 17 18 27 | 27.0
Spellcasting   | 4 5 8 10 12 | 12.2
Necromancy     | 7 12 16 17 18 21 | 21.0
Armour         | 2 7 9 17 | 17.7
Shields        | 11 | 11.4
Earth Magic    | 25 | 25.9
Conjurations   | |  1.0
Summonings     | |  1.0
Translocations | |  1.0

Action                     |  1- 3 |  4- 6 |  7- 9 | 10-12 | 13-15 | 16-18 | 19-21 | 22-24 | 25-27 || total
---------------------------+-------+-------+-------+-------+-------+-------+-------+-------+-------++-------
  Melee: Dagger            |   135 |   175 |   365 |   985 |   944 |   283 |       |       |       ||  2887
         Bite              |    34 |    46 |   127 |   362 |   421 |   610 |   812 |  1072 |  4657 ||  8141
         Punch             |       |     2 |     5 |     1 |       |       |       |       |       ||     8
         Kick              |       |       |       |    53 |   165 |   182 |   114 |       |       ||   514
         Headbutt          |       |       |       |    41 |   108 |    98 |    81 |       |       ||   328
         Rapier            |       |       |       |       |       |  1220 |  1861 |    62 |       ||  3143
         Quick blade       |       |       |       |       |       |       |       |  2756 | 10718 || 13474
  Throw: Dart              |       |       |     2 |     1 |     1 |       |       |       |     2 ||     6
         Throwing net      |       |       |       |       |       |       |     1 |       |     3 ||     4
   Cast: Magic Dart        |    38 |       |       |       |       |       |       |       |       ||    38
         Beastly Appendage |       |       |       |     8 |    15 |    15 |    10 |       |       ||    48
         Wereblood         |       |       |       |     6 |    20 |    12 |    28 |    32 |    88 ||   186
         Statue Form       |       |       |       |       |       |       |       |       |     2 ||     2
 Invoke: Serpent's Lash    |       |       |       |     3 |    14 |    10 |     4 |     2 |    24 ||    57
         Heavenly Storm    |       |       |       |       |     2 |     2 |     4 |     1 |    19 ||    28
Ability: Lunge             |       |       |    24 |    33 |    69 |    93 |   127 |   153 |   469 ||   968
         Whirlwind         |       |       |     9 |   535 |   457 |   605 |   668 |   776 |  3346 ||  6396
         Wall Jump         |       |       |       |       |       |       |       |     1 |     1 ||     2
         End Transformatio |       |       |       |       |       |       |       |       |     1 ||     1
  Evoke: Wand              |       |     1 |     9 |     6 |       |     7 |       |       |     7 ||    30
         Phantom mirror    |       |       |       |       |       |       |       |     1 |     2 ||     3
    Use: Scroll            |     6 |     3 |     7 |     2 |     7 |    12 |     9 |    11 |    29 ||    86
         Potion            |       |       |     1 |     1 |     6 |     2 |     4 |       |    40 ||    54
   Stab: Sleeping          |     3 |    10 |    10 |    18 |    28 |    65 |    74 |    83 |    82 ||   373
         Paralysed         |       |     2 |       |       |       |       |       |       |     1 ||     3
         Distracted        |       |       |     1 |     2 |     1 |     6 |     5 |    10 |    33 ||    58
         Petrified         |       |       |       |       |       |       |     1 |       |       ||     1
         Held in net/web   |       |       |       |       |       |       |       |       |     2 ||     2
 Armour: Leather armour    |    51 |    83 |    11 |       |       |       |       |       |       ||   145
         Skin              |       |       |    18 |    40 |       |       |       |     2 |     8 ||    68
         Robe              |       |       |    89 |   113 |    21 |       |       |       |       ||   223
         Swamp dragon scal |       |       |       |       |    49 |   141 |     8 |       |       ||   198
         Troll leather arm |       |       |       |       |       |       |    64 |   110 |   409 ||   583
  Dodge: Dodged            |    77 |    95 |   189 |   518 |   538 |   709 |   401 |   581 |  2981 ||  6089
  Block: Buckler           |       |       |       |    92 |    96 |   159 |   241 |   196 |   177 ||   961
         Reflection        |       |       |       |       |       |       |    30 |     1 |       ||    31
         Kite shield       |       |       |       |       |       |       |       |       |  1981 ||  1981

Table legend: (Time is in decaauts)
 A = Elapsed time spent in this place.
 B = Non-inter-level travel time spent in this place.
 C = Inter-level travel time spent in this place.
 D = Time resting spent in this place.
 E = Time spent auto-exploring this place.
 F = Levels seen in this place.
 G = Mean time per level.
                   A        B        C        D        E       F      G
               +--------+--------+--------+--------+--------+-----+--------+
         Total |  46486 |  43194 |   3292 |    207 |  22723 | 127 |  366.0 |
       Dungeon |  12516 |  11400 |   1116 |    132 |   8073 |  15 |  834.4 |
        Temple |     26 |     26 |      0 |      0 |      4 |   1 |   26.0 |
          Lair |   4197 |   3761 |    436 |      0 |   2702 |   4 | 1049.2 |
         Swamp |   1815 |   1691 |    124 |     44 |    906 |   4 |  453.8 |
   Spider Nest |   3673 |   3462 |    211 |     17 |   2344 |   4 |  918.2 |
    Slime Pits |    767 |    698 |     69 |     12 |     63 |   5 |  153.4 |
  Orcish Mines |   1201 |   1119 |     82 |      0 |    750 |   2 |  600.5 |
   Elven Halls |   1938 |   1847 |     91 |      0 |   1030 |   3 |  646.0 |
        Vaults |   4260 |   3842 |    418 |      0 |   2515 |   5 |  852.0 |
         Crypt |    630 |    473 |    157 |      0 |      0 |   3 |  210.0 |
          Tomb |   1329 |   1214 |    115 |      0 |      0 |   3 |  443.0 |
        Depths |   4179 |   3789 |    390 |      0 |   2483 |   4 | 1044.8 |
          Hell |    317 |    293 |     24 |      0 |      0 |   1 |  317.0 |
           Dis |    677 |    677 |      0 |      0 |      0 |   5 |  135.4 |
       Gehenna |   1029 |   1029 |      0 |      0 |     28 |   7 |  147.0 |
       Cocytus |    975 |    921 |     54 |      0 |      0 |   7 |  139.3 |
      Tartarus |    726 |    726 |      0 |      0 |     36 |   7 |  103.7 |
           Zot |    554 |    554 |      0 |      0 |      0 |   5 |  110.8 |
         Abyss |    843 |    843 |      0 |      2 |    363 |   3 |  281.0 |
   Pandemonium |   3216 |   3216 |      0 |      0 |   1018 |  19 |  169.3 |
      Ziggurat |    656 |    656 |      0 |      0 |      0 |  18 |   36.4 |
      Ice Cave |    386 |    386 |      0 |      0 |    126 |   1 |  386.0 |
    Desolation |    565 |    565 |      0 |      0 |    280 |   1 |  565.0 |
               +--------+--------+--------+--------+--------+-----+--------+

Top non-repeatable levels by time:
Depths:3: 1612 daAuts
  Lair:3: 1189 daAuts
     D:4: 1160 daAuts
Vaults:5: 1118 daAuts
Spider:4: 1113 daAuts
     D:6: 1090 daAuts
  Lair:2: 1057 daAuts
     D:1: 1051 daAuts
    D:10: 1034 daAuts
Depths:4: 1022 daAuts
Spider:2: 991 daAuts
  Lair:1: 991 daAuts
    D:13: 972 daAuts
  Lair:4: 958 daAuts
Vaults:1: 932 daAuts
